Workbook

Sheet Total 2025
B1: 1 | C1: 2 | D1: 3 | E1: 4 | F1: 5 | G1: 6 | H1: 7 | I1: 8 | J1: 9 | K1: 10 | L1: 11 | M1: 12 | N1: 13 | O1: 14 | P1: 15 | Q1: 16 | R1: 17 | S1: 18 | T1: 19 | U1: 20 | V1: 21 | W1: 22
B2: =COL!A1 -> COL | C2: =PAN!A1 -> PAN | D2: =AKR!A1 -> AKR | E2: =INS!A1 -> INS | F2: =LULU!A1 -> LULU | G2: =SWA!A1 -> SWA | H2: =FRO!A1 -> FRO | I2: ='PAN2'!A1 -> PAN2 | J2: =STU!A1 -> STU | K2: ='STU2'!A1 -> STU2 | L2: =FAL_STU3!A1 -> FAL | M2: =TRIE!A1 -> TRI | N2: =LIN!A1 -> LIN | O2: =KAR!A1 -> KAR | P2: =UGG!A1 -> UGG | Q2: ='FAL2'!A1 -> FAL2 | R2: =TES!A1 -> TES | S2: =HOKA!A1 -> HOK | T2: =LUSH!A1 -> LUSH | U2: =DRE!A1 -> DRE | V2: ='PAN3'!A1 -> PAN3 | W2: =MIL!A1 -> MIL
A3: contract amount | B3: =COL!M4 -> 46000 | C3: =PAN!M4 -> 59771.61 | D3: =AKR!K4 -> 15496 | E3: =INS!K4 -> 60000 | F3: =LULU!K4 -> 38063.1 | G3: =SWA!H2 -> 145000 | H3: =FRO!O4 -> 23863.622 | I3: ='PAN2'!H3 -> 75326.52 | J3: =STU!H3 -> 29275 | K3: ='STU2'!H3 -> 28721.004 | L3: =FAL_STU3!H3 -> 32248 | M3: =TRIE!H3 -> 49600 | N3: =LIN!H3 -> 96000 | O3: =KAR!H3 -> 110000 | P3: =UGG!H3 -> 217968.89 | Q3: ='FAL2'!H3 -> 140000 | R3: =TES!H3 -> 23000 | S3: =HOKA!H3 -> 436134.78 | T3: =LUSH!H3 -> 108322.61 | U3: =DRE!H3 -> 118500 | V3: ='PAN3'!H3 -> 60866.14 | W3: =MIL!H3 -> 658853.39 | Y3: =SUM(B3:V3) -> 1914157.3
A4: additional works | B4: =COL!M5 -> 0 | C4: =PAN!M5 -> 7538.2 | D4: =AKR!K5 -> 0 | E4: =INS!K5 -> 0 | F4: =LULU!K5 -> 0 | G4: =SWA!H3 -> 10574.43 | H4: =FRO!O5 -> 5500 | I4: ='PAN2'!H4 -> 9698.1 | J4: =STU!H4 -> 0 | K4: ='STU2'!H4 -> 15387.47 | L4: =FAL_STU3!H4 -> 12035.28 | M4: =TRIE!H4 -> 1858.66 | N4: =LIN!H4 -> 13116.87 | O4: =KAR!H4 -> 22635 | P4: =UGG!H4 -> 10000 | Q4: ='FAL2'!H4 -> 2161.77 | R4: =TES!H4 -> 0 | S4: =HOKA!H4 -> 82558.89 | T4: =LUSH!H4 -> 5679.47 | U4: =DRE!H4 -> 6000 | V4: ='PAN3'!H4 -> 5598.03 | W4: =MIL!H4 -> 24164.34 | Y4: =SUM(B4:V4) -> 210342.17
A5: total income | B5: =B3+B4 -> 46000 | C5: =C3+C4 -> 67309.81 | D5: =D3+D4 -> 15496 | E5: =E3+E4 -> 60000 | F5: =F3+F4 -> 38063.1 | G5: =G3+G4 -> 155574.43 | H5: =H3+H4 -> 29363.622 | I5: =I3+I4 -> 85024.62 | ... W5: =W3+W4 -> 683017.73 | Y5: =SUM(B5:V5) -> 2124499.4
A6: project manager | B6: Kaspars | C6: Kaspars | D6: Alens | E6: Alens | F6: Alens, Māris | G6: Alens | H6: Alens | I6: Kristaps | J6: Alens | K6: Kaspars | L6: Kaspars | M6: Alens | N6: Kaspars | O6: Alens | P6: Alens, Māris | Q6: Kaspars | R6: Kaspars | S6: Māris, Valters | T6: Alens | U6: Kaspars | V6: Kristaps | W6: Alens
A8: planned hours | B8: =COL!Z6 -> 606 | C8: =PAN!Z6 -> 519 | D8: =AKR!Y6 -> 0 | E8: =INS!M6 -> 201 | F8: =LULU!X6 -> 0 | G8: =SWA!C24 -> 1036.92 | H8: =FRO!AB6 -> 188 | I8: ='PAN2'!C29 -> 1195 | J8: =STU!C26 -> 349.74 | K8: ='STU2'!C26 -> 457.04 | L8: =FAL_STU3!C25 -> 593.75 | M8: =TRIE!C25 -> 843 | N8: =LIN!C25 -> 1225 | O8: =KAR!C25 -> 1389.6 | P8: =UGG!C30 -> 1522 | Q8: ='FAL2'!C26 -> 1596 | R8: =TES!C25 -> 304 | S8: =HOKA!C34 -> 2762.4483 | T8: =LUSH!C25 -> 740 | U8: =DRE!C25 -> 1584.4 | V8: ='PAN3'!C27 -> 764.3 | W8: =MIL!C27 -> 0
A9: worked hours | B9: =COL!Z7 -> 721.58 | C9: =PAN!Z7 -> 734.6 | D9: =AKR!Y7 -> 0 | E9: =INS!M7 -> 223.47 | F9: =LULU!X7 -> 27.84 | G9: =SWA!D24 -> 979.9 | H9: =FRO!AB7 -> 166.47 | I9: ='PAN2'!D29 -> 969.8 | J9: =STU!D26 -> 359 | K9: ='STU2'!D26 -> 467.05 | L9: =FAL_STU3!D25 -> 617.32 | M9: =TRIE!D25 -> 791.36 | N9: =LIN!D25 -> 1150.65 | O9: =KAR!D25 -> 1380.78 | P9: =UGG!D30 -> 1641.27 | Q9: ='FAL2'!D26 -> 1501.24 | R9: =TES!D25 -> 271 | S9: =HOKA!D34 -> 2551.44 | T9: =LUSH!D25 -> 781.36 | U9: =DRE!D25 -> 1512.29 | V9: ='PAN3'!D27 -> 739.3 | W9: =MIL!D27 -> 184.78
A10: stundu bilance | B10: =B8-B9 -> -115.58 | C10: =C8-C9 -> -215.6 | D10: =D8-D9 -> 0 | E10: =E8-E9 -> -22.47 | F10: =F8-F9 -> -27.84 | G10: =G8-G9 -> 57.02 | H10: =H8-H9 -> 21.53 | I10: =I8-I9 -> 225.2 | ... W10: =W8-W9 -> -184.78
A12: profit % | B12: =COL!J20 -> 0.25009079 | C12: =PAN!J18 -> 0.12963938 | D12: =AKR!H19 -> 0.22605153 | E12: =INS!H19 -> 0.2961189 | F12: =LULU!H18 -> 0.26142267 | G12: =SWA!H5/(SWA!H2+SWA!H3) -> 0.073712102 | H12: =FRO!L18 -> 0.42997071 | I12: =I13/I5 -> 0.2566531 | J12: =J13/J5 -> 0.48740875 | K12: =K13/K5 -> 0.50013431 | L12: =L13/L5 -> 0.43655058 | M12: =M13/M5 -> 0.22795423 | N12: =N13/N5 -> 0.27913254 | O12: =O13/O5 -> 0.18044702 | P12: =P13/P5 -> 0.28454774 | ... W12: =W13/W5 -> 0.30350921 | X12: =AVERAGE(B12:V12) -> 0.28769722
A13: profit EUR | B13: =COL!I20 -> 11504.176 | C13: =PAN!I18 -> 8726.002 | D13: =AKR!G19 -> 3502.8944 | E13: =INS!G19 -> 17767.134 | F13: =LULU!G18 -> 9950.5572 | G13: =SWA!H5 -> 11467.718 | H13: =FRO!K18 -> 12625.497 | I13: ='PAN2'!H6 -> 21821.832 | J13: =STU!H6 -> 14268.891 | K13: ='STU2'!H6 -> 22060.161 | L13: =FAL_STU3!H6 -> 19331.891 | M13: =TRIE!H6 -> 11730.219 | N13: =LIN!H6 -> 30458.069 | O13: =KAR!H6 -> 23933.591 | P13: =UGG!H6 -> 64868.032 | Q13: ='FAL2'!H6 -> 24233.811 | R13: =TES!H6 -> 9434.8141 | S13: =HOKA!H6 -> 184913.64 | T13: =LUSH!H6 -> 43237.818 | U13: =DRE!H6 -> 25360.818 | V13: ='PAN3'!H6 -> 13403.114 | W13: =MIL!H6 -> 207302.17 | Y13: =SUM(B13:V13) -> 584600.69
A14: administrative costs 7% | B14: =COL!I12 -> 3220 | C14: =PAN!I12 -> 4711.6867 | D14: =AKR!G12 -> 1084.72 | E14: =INS!G12 -> 4200 | F14: =LULU!G12 -> 280.64517 | G14: =SWA!H4 -> 10890.21 | H14: =FRO!K12 -> 2055.4535 | I14: ='PAN2'!H5 -> 5951.7234 | J14: =J5*0.07 -> 2049.25 | K14: =K5*0.07 -> 3087.5932 | L14: =L5*0.07 -> 3099.8296 | M14: =M5*0.07 -> 3602.1062 | N14: =N5*0.07 -> 7638.1809 | O14: =O5*0.07 -> 9284.45 | P14: =P5*0.07 -> 15957.822 | Q14: =Q5*0.07 -> 9951.3239 | ... V14: =V5*0.07 -> 4652.4919 | W14: =MIL!H5 -> 47811.241 | Y14: =SUM(B14:V14) -> 146331.19 | Z14: =Y13/Y5 -> 0.27517102

Sheet Profit 
A1: Object | B1: object total | C1: Profit (%) | D1: Project manager
A2: ='PAN3'!A1 -> PAN3 | B2: ='PAN3'!H3+'PAN3'!H4 -> 66464.17 | C2: ='PAN3'!H6/('PAN3'!H3+'PAN3'!H4) -> 0.20165924 | D2: Kristaps | E2: =B2*C2 -> 13403.114
A3: =DRE!A1 -> DRE | B3: =DRE!H3+DRE!H4 -> 124500 | C3: =DRE!H6/(DRE!H3+DRE!H4) -> 0.20370135 | D3: Kaspars | E3: =B3*C3 -> 25360.818
A4: =LUSH!A1 -> LUSH | B4: =LUSH!H3+LUSH!H4 -> 114002.08 | C4: =LUSH!H6/(LUSH!H3+LUSH!H4) -> 0.37927218 | D4: Alens, Valters | E4: =B4*C4 -> 43237.818
A5: =HOKA!A1 -> HOK | B5: =HOKA!H3+HOKA!H4 -> 518693.67 | C5: =HOKA!H6/(HOKA!H3+HOKA!H4) -> 0.35649875 | D5: Māris, Valters, Alens | E5: =B5*C5 -> 184913.64
A6: ='FAL2'!A1 -> FAL2 | B6: ='FAL2'!H3+'FAL2'!H4 -> 142161.77 | C6: ='FAL2'!H6/('FAL2'!H3+'FAL2'!H4) -> 0.17046644 | D6: Kaspars | E6: =B6*C6 -> 24233.811
A7: ='STU2'!A1 -> STU2 | B7: ='STU2'!H3+'STU2'!H4 -> 44108.474 | C7: ='STU2'!H6/('STU2'!H3+'STU2'!H4) -> 0.50013431 | D7: Kaspars | E7: =B7*C7 -> 22060.161
A8: =STU!A1 -> STU | B8: =STU!H3+STU!H4 -> 29275 | C8: =STU!H6/(STU!H3+STU!H4) -> 0.48740875 | D8: Alens | E8: =B8*C8 -> 14268.891
A9: =FAL_STU3!A1 -> FAL | B9: =FAL_STU3!H3+FAL_STU3!H4 -> 44283.28 | C9: =FAL_STU3!H6/(FAL_STU3!H3+FAL_STU3!H4) -> 0.43655058 | D9: Kaspars | E9: =B9*C9 -> 19331.891
A10: =FRO!A1 -> FRO | B10: =FRO!K4 -> 29363.622 | C10: =FRO!L18 -> 0.42997071 | D10: Alens | E10: =B10*C10 -> 12625.497
A11: =TES!A1 -> TES | B11: =TES!H3+TES!H4 -> 23000 | C11: =TES!H6/(TES!H3+TES!H4) -> 0.41020931 | D11: Kaspars | E11: =B11*C11 -> 9434.8141
A12: =UGG!A1 -> UGG | B12: =UGG!H3+UGG!H4 -> 227968.89 | C12: =UGG!H6/(UGG!H3+UGG!H4) -> 0.28454774 | D12: Alens, Māris | E12: =B12*C12 -> 64868.032
A13: =LIN!A1 -> LIN | B13: =LIN!H3+LIN!H4 -> 109116.87 | C13: =LIN!H6/(LIN!H3+LIN!H4) -> 0.27913254 | D13: Kaspars | E13: =B13*C13 -> 30458.069
A14: =INS!A1 -> INS | B14: =INS!G4 -> 60000 | C14: =INS!H19 -> 0.2961189 | D14: Alens | E14: =B14*C14 -> 17767.134
A15: =KAR!A1 -> KAR | B15: =KAR!H3+KAR!H4 -> 132635 | C15: =KAR!H6/(KAR!H3+KAR!H4) -> 0.18044702 | D15: Alens | E15: =B15*C15 -> 23933.591
A16: ='PAN2'!A1 -> PAN2 | B16: ='PAN2'!H3+'PAN2'!H4 -> 85024.62 | C16: ='PAN2'!H7 -> 0.2566531 | D16: Kristaps | E16: =B16*C16 -> 21821.832
A17: =LULU!A1 -> LULU | B17: =LULU!G4 -> 38063.1 | C17: =LULU!G18/B17 -> 0.26142267 | D17: Alens | E17: =B17*C17 -> 9950.5572
A18: =COL!A1 -> COL | B18: =COL!I4 -> 46000 | C18: =COL!J20 -> 0.25009079 | D18: Kaspars | E18: =B18*C18 -> 11504.176
A19: =TRIE!A1 -> TRI | B19: =TRIE!H3+TRIE!H4 -> 51458.66 | C19: =TRIE!H6/(TRIE!H3+TRIE!H4) -> 0.22795423 | D19: Alens | E19: =B19*C19 -> 11730.219
A20: =AKR!A1 -> AKR | B20: =AKR!G4 -> 15496 | C20: =AKR!H19 -> 0.22605153 | D20: Alens | E20: =B20*C20 -> 3502.8944
A21: =PAN!A1 -> PAN | B21: =PAN!I4 -> 67309.81 | C21: =PAN!J18 -> 0.12963938 | D21: Kaspars | E21: =B21*C21 -> 8726.002
A22: =SWA!A1 -> SWA | B22: =SWA!H2+SWA!H3 -> 155574.43 | C22: =SWA!H5/(SWA!H2+SWA!H3) -> 0.073712102 | D22: Alens | E22: =B22*C22 -> 11467.718
A23: =MIL!A1 -> MIL | B23: =MIL!H3+MIL!H4 -> 683017.73 | C23: =MIL!H7 -> 0.30350921 | D23: Alens | E23: =MIL!H6 -> 207302.17

Sheet MIL
A1: MIL | B1: UGG MILANO SAN BABILA, Piazza San Babila 5, 20122 Milano | G1: 19/11/2025-9/03/2026 | J1: Payment conditions, Clause 5.2.
I2: =ROUND(H3*0.3,2) -> 197656.02 | J2: 0.3 | K2: upon signing the contract | L2: 15 days
B3: Sales (m2): | C3: 181.52 | D3: =C22/C3 -> 2499.3048 | G3: Contract amount EUR | H3: 658853.39 | I3: =I2 -> 197656.02 | J3: 0.3 | K3: upon beginning of the construction site | L3: 30 days
B4: BOH (m2): | C4: 115.98 | G4: Additional works, EUR | H4: =C21 -> 24164.34 | I4: =I2 -> 197656.02 | J4: 0.3 | K4: upon delivery of furniture/ fittings | L4: 30 days
B5: TOTAL (m2) | C5: =SUM(C3:C4) -> 297.5 | D5: =C22/C5 -> 1524.954 | G5: Administrative costs (7% from income) | H5: =(H3+H4)*0.07 -> 47811.241 | I5: =ROUND(H3*0.1,2)-0.01 -> 65885.33 | J5: 0.1 | K5: upon completion of teh work and final delivery, subject to verification and closure of the list of defects | L5: 30 days
B6: Position | C6: Planned costs | D6: Actual costs | E6: PROFIT | G6: Profit | H6: =H3+H4-D22-H5 -> 207302.17 | I6: =SUM(I2:I5) -> 658853.39
A7: 1 | B7: SALARY | C7: 7000 | D7: =((184.78*16.5)-1440)*1.48*1.2359+1440+900*1.48*1.2359 -> 6029.0544 | E7: =C7-D7 -> 970.9456 | H7: =H6/(H3+H4) -> 0.30350921
A8: =A7+1 -> 2 | B8: MATERIALS | D8: =B30+34.76+57.39+1446.7 -> 6038.85 | E8: =C8-D8 -> -6038.85 | J8: Contract for Works and Services in relation to the Project UGG MILANO SAN BABILA
A9: =A8+1 -> 3 | B9: HOTEL | C9: 6000 | D9: 1833.2 | E9: =C9-D9 -> 4166.8 | G9: hours costs planned | H9: =C7/C27 -> #DIV/0!
A10: =A9+1 -> 4 | B10: GASOLINE | E10: =C10-D10 -> 0 | G10: hours per m2 planned | H10: =C27/C5 -> 0
A11: =A10+1 -> 5 | B11: AVIO+TRAVEL | C11: 1000 | D11: =91.24+102.39 -> 193.63 | E11: =C11-D11 -> 806.37 | G11: m2 costs planned | H11: =H9*H10 -> #DIV/0!
A12: =A11+1 -> 6 | B12: SUB: reklāmas baneris Prima Visione | C12: 3042 | D12: =1340+1529+100 -> 2969 | E12: =C12-D12 -> 73
B13: SUB: "SIRTEC" epoxy floor | C13: 43510 | D13: =C13 -> 43510 | E13: =C13-D13 -> 0
B14: SUB: CONSTRUCTION "Tarqiunio" | C14: 149715.52 | D14: =C14 -> 149715.52 | E14: =C14-D14 -> 0
A15: =A12+1 -> 7 | B15: SUB: ELECTRICITY "Tarqiunio" | C15: 46940 | D15: =C15 -> 46940 | E15: =C15-D15 -> 0 | G15: hours cost in fact | H15: =D7/D27 -> 32.628284
A16: =A15+1 -> 8 | B16: SUB: DEMOLITION "Tarqiunio" | C16: 27373.95 | D16: =C16 -> 27373.95 | E16: =C16-D16 -> 0 | G16: hours per m2 in fact | H16: =D27/C5 -> 0.62110924
A17: =A16+1 -> 9 | B17: SUB: PLUMBING"Tarqiunio" | C17: 1809 | D17: =C17 -> 1809 | E17: =C17-D17 -> 0 | G17: m2 costs in fact | H17: =H16*H15 -> 20.265729
A18: =A17+1 -> 10 | B18: SUB: AIR CONDITION"Tarqiunio" | C18: 136119 | D18: =C18 -> 136119 | E18: =C18-D18 -> 0
A19: =A18+1 -> 11 | B19: Insurance, Ziedonis | D19: =1468.55+125 -> 1593.55 | E19: =C19-D19 -> -1593.55 | G19: hours costs, incl. travel and living | H19: =(D7+D9+D11)/D27 -> 43.597166
A20: =A19+1 -> 12 | B20: PM travel costs | C20: 7000 | D20: 3779.56 | E20: =C20-D20 -> 3220.44 | G20: living costs per person per day | H20: =1833.2/30 -> 61.106667
A21: =A20+1 -> 13 | B21: ADD 1- smoke detectors | C21: 24164.34 | E21: =C21-D21 -> 24164.34
B22: TOTAL | C22: =SUM(C7:C21) -> 453673.81 | D22: =SUM(D7:D21) -> 427904.31 | E22: =C22-D22 -> 25769.496 | H22: =D22+H5 -> 475715.56
C23: =(H3+H4-C22)/(H3+H4) -> 0.33578033
B24: Hours workers | D24: =40.5+144.28 -> 184.78 | E24: =C24-D24 -> -184.78
B25: Hours SM/PM | E25: =C25-D25 -> 0
B26: ADD HOURS
B27: TOTAL | C27: =SUM(C24:C26) -> 0 | D27: =SUM(D24:D26) -> 184.78 | E27: =SUM(E24:E26) -> -184.78
A30: Avansi | B30: =B31+B32 -> 4500
A31: Ripo IT
A32: Stēģi, durvis | B32: 4500
A35: Sirtex/Resimix | B35: 10000

Sheet PAN3
A1: PAN3 | B1: Pandora SC Rocca al Mare Mall Paldiski mnt 102, 13522 Tallinn, Estonia | G1: 30/09/2025-18/10/2025
B3: Sales (m2): | C3: 38.7 | D3: =C22/C3 -> 1378.4401 | G3: Contract amount EUR | H3: 60866.14 | J3: =ROUND(H3*0.3,2) -> 18259.84 | K3: avanss, 10 dienas
B4: BOH (m2): | C4: 11.5 | G4: Additional works, EUR | H4: =C17+C18+C19+C20+C21 -> 5598.03 | J4: =ROUND(H3*0.6,2) -> 36519.68 | K4: pēc pabeigšanas, 30 dienas
B5: TOTAL (m2) | C5: =SUM(C3:C4) -> 50.2 | D5: =C22/C5 -> 1062.662 | G5: Administrative costs (7% from income) | H5: =(H3+H4)*0.07 -> 4652.4919 | J5: =ROUND(H3*0.1,2) -> 6086.61 | K5: pēc garantijas perioda beigām, 30 dienas
B6: Position | C6: Planned costs | D6: Actual costs | E6: PROFIT | G6: Profit | H6: =H3+H4-D22-H5 -> 13403.114
A7: 1 | B7: SALARY | C7: 16939.26 | D7: =(307.31-160)*1.48*1.2359+160+7569.85*1.48*1.2359+3720+1278.66 -> 19274.364 | E7: =C7-D7 -> -2335.1043 | H7: =H6/(H3+H4) -> 0.20165924
A8: =A7+1 -> 2 | B8: MATERIALS | C8: 6883.41 | D8: =344+437.19+B30+870+1833.76+83.63+265+86.1+460.65+321.16+1078.51+145.16+1176.79+301.66+834.61 -> 8238.22 | E8: =C8-D8 -> -1354.81
A9: =A8+1 -> 3 | B9: HOTEL | C9: 4000 | D9: 3537.06 | E9: =C9-D9 -> 462.94 | G9: hours costs planned | H9: =C7/C27 -> 22.163103
A10: =A9+1 -> 4 | B10: GASOLINE | C10: 500 | E10: =C10-D10 -> 500 | G10: hours per m2 planned | H10: =C27/C5 -> 15.2251
A11: =A10+1 -> 5 | B11: AVIO+TRAVEL | C11: 400 | D11: 18.97 | E11: =C11-D11 -> 381.03 | G11: m2 costs planned | H11: =H9*H10 -> 337.43546
A12: =A11+1 -> 6 | B12: TRANSPORT COSTS | C12: 800 | D12: 350 | E12: =C12-D12 -> 450
A13: =A12+1 -> 7 | B13: SUB: ELECTRICITY "ELEKTROLAT" | C13: 12050 | D13: 12024.84 | E13: =C13-D13 -> 25.16 | G13: hours cost in fact | H13: =D7/D27 -> 26.0711
A14: =A13+1 -> 8 | B14: SUB: EL MESS PROT | E14: =C14-D14 -> 0 | G14: hours per m2 in fact | H14: =D27/C5 -> 14.727092
A15: =A14+1 -> 9 | B15: WASTE | C15: =1200+2400 -> 3600 | D15: =373.75+2095.13 -> 2468.88 | E15: =C15-D15 -> 1131.12 | G15: m2 costs in fact | H15: =H14*H13 -> 383.95148
A16: =A15+1 -> 10 | B16: MECHANISMS | C16: =23924.93-C9-C10-C11-C12-C13-C14-C15 -> 2574.93 | D16: =133.83+125+81.63+218.9+116.55+30.32+480 -> 1186.23 | E16: =C16-D16 -> 1388.7
A17: =A16+1 -> 11 | B17: ADD 1 | C17: 3135.73 | E17: =C17-D17 -> 3135.73 | G17: hours costs, incl. travel and living | H17: =(D7+D9+D11)/D27 -> 30.881096
A18: =A17+1 -> 12 | B18: ADD 2 | C18: 542.4 | E18: =C18-D18 -> 542.4 | G18: living costs per person per day | H18: =3537.06/19/5 -> 37.232211
A19: =A18+1 -> 13 | B19: ADD 3 | C19: 413.4 | E19: =C19-D19 -> 413.4
B20: ADD 4 | C20: 126.5 | D20: 110 | E20: =C20-D20 -> 16.5 | U20: =C22-C21-C20-C19-C18-C17 -> 47747.6
B21: ADD 5 | C21: 1380 | D21: 1200 | E21: =C21-D21 -> 180
B22: TOTAL | C22: =SUM(C7:C21) -> 53345.63 | D22: =SUM(D7:D21) -> 48408.564 | E22: =C22-D22 -> 4937.0657 | H22: =D22+H5 -> 53061.056
C23: =(H3+H4-C22)/(H3+H4) -> 0.19737762
B24: Hours workers | C24: 568 | D24: =20+563.2 -> 583.2 | E24: =C24-D24 -> -15.2
B25: Hours SM/PM | C25: =C24/4 -> 142 | D25: =132+24.1 -> 156.1 | E25: =C25-D25 -> -14.1
B26: ADD HOURS | C26: 54.3 | E26: =C26-D26 -> 54.3
B27: TOTAL | C27: =SUM(C24:C26) -> 764.3 | D27: =SUM(D24:D26) -> 739.3 | E27: =SUM(E24:E26) -> 25
B30: =B31+B32+B33+B34 -> 0

Sheet DRE
A1: DRE | B1: Intimissimi and Calzedonia Prager Str. 8, 01069 Dresden, Germany | G1: 7.10.2025- 7.11.2025
J2: avanss | K2: 2.maksājums | L2: gala rēķins
B3: Sales (m2): | C3: =52.12+53.02 -> 105.14 | D3: =C20/C3 -> 959.09216 | G3: Contract amount EUR | H3: =58500+60000 -> 118500 | J3: =H3*0.3 -> 35550 | K3: =H3*0.6 -> 71100 | L3: =H3*0.1 -> 11850
B4: BOH (m2): | C4: =11.5+0.7+11.5+0.7 -> 24.4 | G4: Additional works, EUR | H4: 6000 | I4: CAL | J4: =58500*0.3 -> 17550 | K4: =58500*0.6 -> 35100 | L4: =58500*0.1 -> 5850
B5: TOTAL (m2) | C5: =SUM(C3:C4) -> 129.54 | D5: =C20/C5 -> 778.43871 | G5: Administrative costs (7% from income) | H5: =(H3+H4)*0.07 -> 8715 | I5: INT | J5: =60000*0.3 -> 18000 | K5: =60000*0.6 -> 36000 | L5: =60000*0.1 -> 6000
B6: Position | C6: Planned costs | D6: Actual costs | E6: PROFIT | G6: Profit | H6: =H3+H4-D20-H5 -> 25360.818 | J6: 15 dienas | K6: 21/10/2025 izrakstīt, 30 dienas | L6: 7/11/2025 izrakstīt, 30 dienas
A7: 1 | B7: SALARY | C7: =19664.97+20525.52 -> 40190.49 | D7: =10627.8*1.48*1.2359+7450+252+2143.86*1.48*1.2359+1850+(592.41-350)*1.48*1.2359+350+2554.63+590.13 -> 36851.212 | E7: =C7-D7 -> 3339.2781 | H7: =H6/(H3+H4) -> 0.20370135 | J7: 3.2.1 | K7: 3.2.2. | L7: 3.2.3.
A8: =A7+1 -> 2 | B8: MATERIALS | C8: =8500.82+8861.99 -> 17362.81 | D8: =C29+719.69+4147.84+360.46+534.35+1897.11+608.27+693.2+1826.42+459.28+696.14+856.54+219.1+331.19+664-82.3+169.07+104+46.3+5.65+122.2+21.41+122.36+61.2+342.04+19.9+24.65+25.92 -> 14995.99 | E8: =C8-D8 -> 2366.82
A9: =A8+1 -> 3 | B9: HOTEL | C9: =2100+2100 -> 4200 | D9: =5015.69+196 -> 5211.69 | E9: =C9-D9 -> -1011.69 | G9: hours costs planned | H9: =C7/C25 -> 25.366378
A10: =A9+1 -> 4 | B10: GASOLINE | C10: =550+550 -> 1100 | D10: =251+248.95+304.98 -> 804.93 | E10: =C10-D10 -> 295.07 | G10: hours per m2 planned | H10: =C25/C5 -> 12.230971
A11: =A10+1 -> 5 | B11: AVIO+TRAVEL | C11: =900+900 -> 1800 | D11: =63.38/2+16.47+515.96+114.91 -> 679.03 | E11: =C11-D11 -> 1120.97 | G11: m2 costs planned | H11: =H9*H10 -> 310.25544
A12: =A11+1 -> 6 | B12: TRANSPORT COSTS | C12: =500+500 -> 1000 | D12: =1180+650 -> 1830 | E12: =C12-D12 -> -830
A13: =A12+1 -> 7 | B13: SUB: ELECTRICITY | C13: =11284.4+11392.4+1150+1150 -> 24976.8 | D13: 21193 | E13: =C13-D13 -> 3783.8 | G13: hours cost in fact | H13: =D7/D25 -> 24.367821
A14: =A13+1 -> 8 | B14: SUB: EL MESS PROT | C14: 2300 | D14: =2847.44 -> 2847.44 | E14: =C14-D14 -> -547.44 | G14: hours per m2 in fact | H14: =D25/C5 -> 11.674309
A15: =A14+1 -> 9 | B15: WASTE | C15: 2200 | D15: =738.13+113.94+60 -> 912.07 | E15: =C15-D15 -> 1287.93 | G15: m2 costs in fact | H15: =H14*H13 -> 284.47747
A16: =A15+1 -> 10 | B16: MECHANISMS | C16: =19131.06+19290.59-C9-C10-C11-C12-C13-C14-C15 -> 844.85 | D16: =125+354.32+188.24+105+45+48+296.1+105+173.9+38.01+85+80 -> 1643.57 | E16: =C16-D16 -> -798.72
A17: =A16+1 -> 11 | B17: ADD 1 | C17: 4864 | D17: =850+1399.79+1205.46 -> 3455.25 | E17: =C17-D17 -> 1408.75 | G17: hours costs, incl. travel and living | H17: =(D7+D9+D11)/D25 -> 28.263053
A18: =A17+1 -> 12 | B18: ADD 2 | E18: =C18-D18 -> 0 | G18: living costs per person per day | H18: =5015.96/32/6 -> 26.124792
A19: =A18+1 -> 13 | E19: =C19-D19 -> 0
B20: TOTAL | C20: =SUM(C7:C19) -> 100838.95 | D20: =SUM(D7:D19) -> 90424.182 | E20: =C20-D20 -> 10414.768 | H20: =D20+H5 -> 99139.182
C21: =(H3+H4-C20)/(H3+H4) -> 0.19004859
B22: Hours workers | C22: =626+656 -> 1282 | D22: =814.03+199.55+191.87+45.57 -> 1251.02 | E22: =C22-D22 -> 30.98
B23: Hours SM/PM | C23: =C22/5 -> 256.4 | D23: =207.95+53.32 -> 261.27 | E23: =C23-D23 -> -4.87
B24: ADD HOURS | C24: 46 | D24: 0 | E24: =C24-D24 -> 46
B25: TOTAL | C25: =SUM(C22:C24) -> 1584.4 | D25: =SUM(D22:D24) -> 1512.29 | E25: =SUM(E22:E24) -> 72.11
B29: Avansi | C29: =C30+C31+C32 -> 0

Sheet LUSH
A1: LUSH | B1: Lush store refurmishment, list with addresses | G1: time plan
B3: shops nr | C3: 25 | D3: =C20/C3 -> 3331.6352 | G3: Contract amount EUR | H3: 108322.61 | J3: 45% avanss 14 dienās
B4: BOH (m2): | G4: Additional works, EUR | H4: 5679.47 | J4: 45% pēc darbu pabeigšanas 14 dienās
B5: TOTAL (m2) | C5: =SUM(C3:C4) -> 25 | D5: =C20/C5 -> 3331.6352 | G5: Administrative costs (7% from income) | H5: =(H3+H4)*0.07 -> 7980.1456 | I5: =ROUND(H3*0.1,2) -> 10832.26 | J5: 10% pēc defektu novēršanas 14 dienās
B6: Position | C6: Planned costs | D6: Actual costs | E6: PROFIT | G6: Profit | H6: =H3+H4-D20-H5 -> 43237.818
A7: 1 | B7: SALARY | C7: 32157.75 | D7: =(86.95*16.5*1.5+106.51*15.02*1.5+200+38.47+86.79-32*50)*1.48*1.2359+32*50+6759.98*1.48*1.2359+3100+316.25*1.2359+250+138.77*1.2359+250+(462-150)*1.48*1.2359+150+687 -> 25528.905 | E7: =C7-D7 -> 6628.8449 | H7: =H6/(H3+H4) -> 0.37927218
A8: =A7+1 -> 2 | B8: MATERIALS | C8: 26839.5 | D8: =C29+1101.76+444.3+535.28+43.95+89.09+57.55+4.6+19.23+6+11000+187.84-1101.76+1101.45+174.05+5000+309.8+136.91+165+4855+1.2+27.9+29.4+350 -> 24538.55 | E8: =C8-D8 -> 2300.95
A9: =A8+1 -> 3 | B9: HOTEL | C9: 5500 | D9: =373.46+117+289.48+107.16+105.3+278+354+339+75.82+131.65+91.62+31+139+126+230.56+220.32+392+160+392+335.68+129.41+134.8+109.53+334.96+336+16.35+198.02+102.59/3+7 -> 5589.3167 | E9: =C9-D9 -> -89.316667 | G9: hours costs planned | H9: =C7/C25 -> 43.456419
A10: =A9+1 -> 4 | B10: GASOLINE | C10: 1500 | D10: =83.22+84.61+254.42+380.47+152.26/2+231.2/2+156.65/2 -> 1072.775 | E10: =C10-D10 -> 427.225 | G10: hours per m2 planned | H10: =C25/C5 -> 29.6
A11: =A10+1 -> 5 | B11: AVIO+TRAVEL | C11: 1200 | D11: =4.25+8.73+10+8.73+149.99 -> 181.7 | E11: =C11-D11 -> 1018.3 | G11: m2 costs planned | H11: =H9*H10 -> 1286.31
A12: =A11+1 -> 6 | B12: TRANSPORT COSTS | C12: 4500 | D12: =680+290+690+890+740+180 -> 3470 | E12: =C12-D12 -> 1030
A13: =A12+1 -> 7 | B13: SUB: ELECTRICITY | E13: =C13-D13 -> 0 | G13: hours cost in fact | H13: =D7/D25 -> 32.672398
A14: =A13+1 -> 8 | B14: SUB: EL MESS PROT | E14: =C14-D14 -> 0 | G14: hours per m2 in fact | H14: =D25/C5 -> 31.2544
A15: =A14+1 -> 9 | B15: WASTE | C15: 2000 | D15: =15+70.95+15+63 -> 163.95 | E15: =C15-D15 -> 1836.05 | G15: m2 costs in fact | H15: =H14*H13 -> 1021.1562
A16: =A15+1 -> 10 | B16: MECHANISMS | C16: =20594.8-C9-C10-C11-C12-C15 -> 5894.8 | D16: =299.56+125+14.2+18.8+22.79+4.17+36+37+26.4+29+5.46+244.78+17.48+86.25+96.4+59.68+27.8+28+65.38+34.99+16+317.57+170+8+9.01+6.7+432.5 -> 2238.92 | E16: =C16-D16 -> 3655.88
A17: =A16+1 -> 11 | B17: ADD 1 | C17: =4918.83-1220 -> 3698.83 | E17: =C17-D17 -> 3698.83 | G17: hours costs, incl. travel and living | H17: =(D7+D9+D11)/D25 -> 40.05826
A18: =A17+1 -> 12 | B18: ADD 2 | E18: =C18-D18 -> 0 | G18: living costs per person per day
A19: =A18+1 -> 13 | E19: =C19-D19 -> 0
B20: TOTAL | C20: =SUM(C7:C19) -> 83290.88 | D20: =SUM(D7:D19) -> 62784.117 | E20: =C20-D20 -> 20506.763 | H20: =D20+H5 -> 70764.262
C21: =(H3+H4-C20)/(H3+H4) -> 0.26939158
B22: Hours workers | C22: 704 | D22: =193.46+232.88+270.05+24.3+17.15+21+11.26+11.26 -> 781.36 | E22: =C22-D22 -> -77.36
B23: Hours SM/PM | E23: =C23-D23 -> 0
B24: ADD HOURS | C24: 36 | E24: =C24-D24 -> 36
B25: TOTAL | C25: =SUM(C22:C24) -> 740 | D25: =SUM(D22:D24) -> 781.36 | E25: =SUM(E22:E24) -> -41.36
B29: Avansi

Sheet HOKA
A1: HOK | B1: Neue Schönhauser Str. 9, 10178 Berlin, Germany | G1: 26/08/2025-07/11/2025
J2: maksājumi
B3: Sales (m2): | C3: 85 | D3: =C29/C3 -> 4981.7639 | G3: Contract amount EUR | H3: 436134.78 | I3: pēc līguma parakstīšanas | J3: =ROUND(H3*0.33,2) -> 143924.48 | K3: =ROUND(H3*0.1,2) -> 43613.48 | L3: =J3 -> 143924.48
B4: BOH (m2): | C4: 115 | G4: Additional works, EUR | H4: =46737.3+2100+7638.6+17000+C27+C28 -> 82558.89 | I4: pēc darbu pabeigšanas | J4: =H3*0.62 -> 270403.56 | K4: =ROUND(H4*0.1,2) -> 8255.89 | L4: =J4-K4 -> 262147.67
B5: TOTAL (m2) | C5: =SUM(C3:C4) -> 200 | D5: =C29/C5 -> 2117.2496 | G5: Administrative costs (7% from income) | H5: =(H3+H4)*0.07 -> 36308.557 | I5: pēc garantijas perioda -5 gadi! | J5: =ROUND(H3*0.05,2) -> 21806.74 | L5: =J5-K5 -> 21806.74 | N5: The security deposit according to Sec. 6.2 and 6.3 will be paid out in return of an unlimited, directly enforceable, unconditional and irrevocable guarantee by a major EU insurance domiciled and with service address in the European Union in the retained amount. The guarantee may not include a deposit clause, must be governed by German law and stipulate the location of the construction project as place of court jurisdiction. The guarantee deed must state clearly that claims based on the guarantee will in no case become time-barred before the claims that the guarantee covers. The security (deposit or bank guarantee) will be returned to the Contractor as soon as and to the extent no more secured claims exist.
B6: Position | C6: Planned costs | D6: Actual costs | E6: PROFIT | G6: Profit | H6: =H3+H4-D29-H5 -> 184913.64 | L6: =L5+L4+L3 -> 427878.89
A7: 1 | B7: SALARY | C7: =95452.27+3015.5 -> 98467.77 | D7: =(200+56.7*15.02+92.81*14.03-1500)*1.48*1.2359+1500+(17510.73-192*50+33.89*13)*1.48*1.2359+192*50+236+9488.22*1.48*1.2359+6900+288.74+5464.96-594.29 -> 57587.884 | E7: =C7-D7 -> 40879.886 | H7: =(H6/(H3+H4)) -> 0.35649875 | J7: =J5+J4+J3 -> 436134.78
A8: =A7+1 -> 2 | B8: MATERIALS | C8: =85664.64+27473.8 -> 113138.44 | D8: =C38+285+1400+3310.98+527.56+510.45+3020.33+379.62+517.79+450.1+14381+283.24+18.21+214.55+1961.84+385.78+113.57+291.8+726.13+211.36+639+319.48+105.23+3898.46-305.82+4469+287.32+488.4+109.6+783+1561.95+339.15+625+326.63+1730.76+203.94+329.77+433.53+176.55+418+391.2+60.07+659.76+1302.22+690.61+43.26+43.95+524.4+83.95+1031.57+14.54+109.46+3658.9+1405-17.68-9.59-74.5+637.35+329.94+71.34+3366+1175.32+4156.07+213.01+204.69+190.45+21.1+49.28+27.35+84.85+3.29+232.59+73.15+32100+426.1+2320.99+2300.81+219.95+455+332 -> 104836.01 | E8: =C8-D8 -> 8302.43
A9: =A8+1 -> 3 | B9: HOTEL | C9: 9800 | D9: =1702.8+1339.45+3976*2+2240+1540+4420 -> 19194.25 | E9: =C9-D9 -> -9394.25 | G9: hours costs planned | H9: =C7/C34 -> 35.645108
A10: =A9+1 -> 4 | B10: GASOLINE | C10: 1025 | D10: =100.25+100.86+116.67+100.94+108.35+111.23+106.29+218.19+152.26/2+231.1/2+156.65/2 -> 1232.785 | E10: =C10-D10 -> -207.785 | G10: hours per m2 planned | H10: =C34/C5 -> 13.812242
A11: =A10+1 -> 5 | B11: AVIO+TRAVEL | C11: 3500 | D11: =226.98+323.98+226.98+117.97+127.99+4.7+630.96+313.98+123+256.98+52.4+30.3+439.96 -> 2876.18 | E11: =C11-D11 -> 623.82 | G11: m2 costs planned | H11: =H9*H10 -> 492.33885
A12: =A11+1 -> 6 | B12: TRANSPORT COSTS | C12: 3000 | D12: =1030+970+590+312+590+1950+390+390+18.99+380 -> 6620.99 | E12: =C12-D12 -> -3620.99
A13: =A12+1 -> 7 | B13: TRAVEL COSTS PM | D13: =4753.47+1104.09 -> 5857.56 | E13: =C13-D13 -> -5857.56
A14: =A13+1 -> 8 | B14: SUB: HVAC ekosilti | C14: 14272.8 | D14: =8249.3+7638+5647+300 -> 21834.3 | E14: =C14-D14 -> -7561.5
A15: =A14+1 -> 9 | B15: SUB: ALARM vorsiher | C15: 7343.54 | D15: =5515.84+6204.64 -> 11720.48 | E15: =C15-D15 -> -4376.94
A16: =A15+1 -> 10 | B16: SUB: ELECTRICITY elektrolat | C16: 44870.1 | D16: 43368.25 | E16: =C16-D16 -> 1501.85 | G16: hours cost in fact | H16: =D7/D34 -> 22.570738
A17: =A16+1 -> 11 | B17: SUB: EL MESS PROT | C17: 3000 | D17: =4454.12+2838.35 -> 7292.47 | E17: =C17-D17 -> -4292.47 | G17: hours per m2 in fact | H17: =D34/C5 -> 12.7572
A18: =A17+1 -> 12 | B18: WASTE | C18: =5000+3000 -> 8000 | D18: =303.45+456.42+110.45+176.44+114.03+83.2+273.06+203.13+226.43+93.24+233.05+392.93+419.58+229.77+396.27+3322.14+129.86+229.77+296.37+136.53 -> 7826.12 | E18: =C18-D18 -> 173.88 | G18: m2 costs in fact | H18: =H17*H16 -> 287.93942
A19: =A18+1 -> 13 | B19: MECHANISMS | C19: =35395.43+93889.4-C9-C10-C11-C12-C14-C15-C16-C17-C18 -> 34473.39 | D19: =1182.65+125+308.9+89.9+24.9+180.4+4.7+4.99+206.61+149.81+33.12+33.35+34.27+33.12+40.48+64.17+411.75+33.12+143.35+779+413.73+208.4+106.26+186.3+153.84+127.65+30.46+10+98.67+39.1+2*8.97+6.29+10.11+11.62+13.33+32.43+42.73 -> 5392.45 | E19: =C19-D19 -> 29080.94
A20: =A19+1 -> 14 | B20: ADD 1 | C20: 3927 | D20: 1831.74 | E20: =C20-D20 -> 2095.26 | G20: hours costs, incl. travel and living | H20: =(D7+D9+D11)/D34 -> 31.220924
A21: =A20+1 -> 15 | B21: ADD 2 | C21: 9260 | E21: =C21-D21 -> 9260 | G21: living costs per person per day | H21: 31
A22: =A21+1 -> 16 | B22: ADD 3 | C22: 8234.8 | E22: =C22-D22 -> 8234.8
A23: =A22+1 -> 17 | B23: ADD 4 | C23: 25315.5 | E23: =C23-D23 -> 25315.5
A24: =A23+1 -> 18 | B24: ADD 5 | C24: 2100 | E24: =C24-D24 -> 2100
A25: =A24+1 -> 19 | B25: ADD 6 | C25: 7638.6 | E25: =C25-D25 -> 7638.6
A26: =A25+1 -> 20 | B26: ADD 7 | C26: 17000 | E26: =C26-D26 -> 17000
A27: =A26+1 -> 21 | B27: ADD 8 | C27: 5638.43 | E27: =C27-D27 -> 5638.43
A28: =A27+1 -> 22 | B28: ADD 9 | C28: 3444.56 | E28: =C28-D28 -> 3444.56
B29: TOTAL | C29: =SUM(C7:C28) -> 423449.93 | D29: =SUM(D7:D28) -> 297471.47 | E29: =C29-D29 -> 125978.46 | H29: =D29+H5 -> 333780.03
C30: =(H3+H4-C29)/(H3+H4) -> 0.18362233
B31: Hours workers | C31: =2101.35+24.5 -> 2125.85 | D31: =28.45+28.25+45.03+47.78+1274.86+959.75-260+45.57+3 -> 2172.69 | E31: =C31-D31 -> -46.84
B32: Hours SM/PM | C32: =C31/6 -> 354.30833 | D32: =36+15.27+62+5.48 -> 118.75 | E32: =C32-D32 -> 235.55833
B33: ADD HOURS | C33: =34+97.8+57.5+23.99+41+28 -> 282.29 | D33: 260 | E33: =C33-D33 -> 22.29
B34: TOTAL | C34: =SUM(C31:C33) -> 2762.4483 | D34: =SUM(D31:D33) -> 2551.44 | E34: =SUM(E31:E33) -> 211.00833
A38: Avansi
A53: Hoka Kudamm | B53: =3888+208.1+2470+318+700+3041.75 -> 10625.85
A54: Systemair, avanss | B54: 1510
A55: Optimera | B55: 70.89
A56: Viesnīca | B56: =231.23+102.59/3 -> 265.42667
A57: algas | B57: 1035.64
A58: depo | B58: 33.83
A59: wurth | B59: =46.66+1.29 -> 47.95
A60: parking | B60: 20.75
A61: Shop Maintenance GMBH | B61: =1620+675+350 -> 2645
A62: adm 7% | B62: =B53*0.07 -> 743.8095
A63: degviela | B63: 84.55
A64: janvāra brauciens | B64: 705.99
B65: =B53-B54-B55-B56-B57-B58-B59-B60-B62-B61-B63-B64 -> 3462.0138

Sheet TES
A1: TES | B1: TESLA_AU_VIENNA extra works | G1: 11/07/2025-20/07/2025
B3: Sales (m2): | C3: 100 | D3: =C20/C3 -> 182.23 | G3: Contract amount EUR | H3: 23000
B4: BOH (m2): | G4: Additional works, EUR
B5: TOTAL (m2) | C5: =SUM(C3:C4) -> 100 | D5: =C20/C5 -> 182.23 | G5: Administrative costs (7% from income) | H5: =(H3+H4)*0.07 -> 1610
B6: Position | C6: Planned costs | D6: Actual costs | E6: PROFIT | G6: Profit | H6: =H3+H4-D20-H5 -> 9434.8141
A7: 1 | B7: SALARY | C7: 9728 | D7: =(271.07*15.03-35*50)*1.48*1.2359+35*50+1207.67 -> 7208.9059 | E7: =C7-D7 -> 2519.0941 | H7: =H6/(H3+H4) -> 0.41020931
A8: =A7+1 -> 2 | B8: MATERIALS | C8: 3295 | D8: =C29+1981.64+120.2 -> 2101.84 | E8: =C8-D8 -> 1193.16
A9: =A8+1 -> 3 | B9: HOTEL | C9: 2000 | D9: =1349+242 -> 1591 | E9: =C9-D9 -> 409 | G9: hours costs planned | H9: =C7/C25 -> 32
A10: =A9+1 -> 4 | B10: GASOLINE | C10: 650 | D10: 226.49 | E10: =C10-D10 -> 423.51 | G10: hours per m2 planned | H10: =C25/C5 -> 3.04
A11: =A10+1 -> 5 | B11: AVIO+TRAVEL | C11: 1000 | D11: =117.99+152.47+119+150.39 -> 539.85 | E11: =C11-D11 -> 460.15 | G11: m2 costs planned | H11: =H9*H10 -> 97.28
A12: =A11+1 -> 6 | B12: TRANSPORT COSTS | C12: 100 | E12: =C12-D12 -> 100
A13: =A12+1 -> 7 | B13: SUB: ELECTRICITY | C13: 0 | E13: =C13-D13 -> 0 | G13: hours cost in fact | H13: =D7/D25 -> 26.601129
A14: =A13+1 -> 8 | B14: SUB: EL MESS PROT | C14: 0 | E14: =C14-D14 -> 0 | G14: hours per m2 in fact | H14: =D25/C5 -> 2.71
A15: =A14+1 -> 9 | B15: WASTE | C15: 720 | E15: =C15-D15 -> 720 | G15: m2 costs in fact | H15: =H14*H13 -> 72.089059
A16: =A15+1 -> 10 | B16: MECHANISMS | C16: =5200-C9-C10-C11-C12-C15 -> 730 | D16: =90+31.1+40+1+125 -> 287.1 | E16: =C16-D16 -> 442.9
A17: =A16+1 -> 11 | B17: ADD 1 | E17: =C17-D17 -> 0 | G17: hours costs, incl. travel and living | H17: =(D7+D9+D11)/D25 -> 34.464044
A18: =A17+1 -> 12 | B18: ADD 2 | E18: =C18-D18 -> 0 | G18: living costs per person per day | H18: =1329/4/10 -> 33.225
A19: =A18+1 -> 13 | E19: =C19-D19 -> 0
B20: TOTAL | C20: =SUM(C7:C19) -> 18223 | D20: =SUM(D7:D19) -> 11955.186 | E20: =C20-D20 -> 6267.8141 | H20: =D20+H5 -> 13565.186
C21: =(H3-C20)/H3 -> 0.20769565
B22: Hours workers | C22: 228 | D22: 191 | E22: =C22-D22 -> 37
B23: Hours SM/PM | C23: 76 | D23: 80 | E23: =C23-D23 -> -4
B24: ADD HOURS
B25: TOTAL | C25: =SUM(C22:C24) -> 304 | D25: =SUM(D22:D24) -> 271 | E25: =SUM(E22:E24) -> 33
A29: Avansi

Sheet FAL2
A1: FAL2 | B1: Falconeri Insbruck Maria-Theresien-Straße 38, 6020 Innsbruck, Austria | G1: 29/08/2025-26/09/2025
I2: estimated
B3: Sales (m2): | C3: 108.1 | D3: =C21/C3 -> 1065.5113 | G3: Contract amount EUR | H3: 140000 | I3: 140000
B4: BOH (m2): | C4: 42.74 | G4: Additional works, EUR | H4: =C18 -> 2161.77 | I4: =110208.17-I5 -> 100408.17
B5: TOTAL (m2) | C5: =SUM(C3:C4) -> 150.84 | D5: =C21/C5 -> 763.60229 | G5: Administrative costs (7% from income) | H5: =(H3+H4)*0.07 -> 9951.3239 | I5: =I3*0.07 -> 9800
B6: Position | C6: Planned costs | D6: Actual costs | E6: PROFIT | G6: Profit | H6: =H3+H4-D21-H5 -> 24233.811 | I6: =I3-I4-I5 -> 29791.83
A7: 1 | B7: SALARY | C7: 42073 | D7: =(67.05*15.02+30.95*14+9.06*7+23.96*7.5-20*50)*1.48*1.2359+20*50+(479.13*14.03+877.98*15.02-8150+6*7.5+272)*1.48*1.2359+8150+337.16+401.8*1.48*1.2359+500+3709.2 -> 37770.965 | E7: =C7-D7 -> 4302.0354 | F7: =D7/(H3+H4) -> 0.26569003 | H7: =H6/(H3+H4) -> 0.17046644 | I7: =I6/I3 -> 0.21279879
A8: =A7+1 -> 2 | B8: MATERIALS | C8: =29913-13233 -> 16680 | D8: =C30+3404.31+302.4+286.27+604.93+550+2252.45+960.85+1366.72+1008.5+227.78+1541.31+1223.58+815.45+2356.19+118.73+440 -> 17459.47 | E8: =C8-D8 -> -779.47
A9: =A8+1 -> 3 | B9: HOTEL | C9: 4950 | D9: 6264.6 | E9: =C9-D9 -> -1314.6 | G9: hours costs planned | H9: =C7/C26 -> 26.361529
A10: =A9+1 -> 4 | B10: GASOLINE | C10: 450 | D10: 170.9 | E10: =C10-D10 -> 279.1 | G10: hours per m2 planned | H10: =C26/C5 -> 10.580748
A11: =A10+1 -> 5 | B11: AVIO+TRAVEL | C11: 1200 | D11: =387.96+38.95+369.28+318.22+1516.44+63.38/2 -> 2662.54 | E11: =C11-D11 -> -1462.54 | G11: m2 costs planned | H11: =C21/C5 -> 763.60229
A12: =A11+1 -> 6 | B12: TRANSPORT COSTS | C12: 1000 | D12: =1570+430 -> 2000 | E12: =C12-D12 -> -1000
A13: =A12+1 -> 7 | B13: SUB: ELECTRICITY | C13: 16431 | D13: =14222.23+3298.71 -> 17520.94 | E13: =C13-D13 -> -1089.94 | G13: hours cost in fact | H13: =D7/D26 -> 25.159844
A14: =A13+1 -> 8 | B14: SUB: EL MESS PROT | C14: 1500 | D14: =1415 -> 1415 | E14: =C14-D14 -> 85 | G14: hours per m2 in fact | H14: =D26/C5 -> 9.9525325
B15: SUB: HVAC Kaltepol | C15: 20000 | D15: 20000 | E15: =C15-D15 -> 0
A16: =A14+1 -> 9 | B16: WASTE | C16: 5370 | D16: =51.1+115.5+348+69.3+23.1+43+46.2+44.6+23.1+69.3 -> 833.2 | E16: =C16-D16 -> 4536.8 | G16: m2 costs in fact | H16: =D21/C5 -> 715.83555
A17: =A16+1 -> 10 | B17: MECHANISMS | C17: =41086-C9-C10-C11-C12-C13-C14-C16-6819 -> 3366 | D17: =411.59+235+175.28+125+44.59+11.48+15+193.45+11.55+101.48+20+142.26+332.83-91.1+150.61 -> 1879.02 | E17: =C17-D17 -> 1486.98
A18: =A17+1 -> 11 | B18: ADD 1 | C18: 2161.77 | E18: =C18-D18 -> 2161.77 | G18: hours costs, incl. travel and living | H18: =(D7+D9+D11)/D26 -> 31.106355
A19: =A18+1 -> 12 | B19: ADD 2 | E19: =C19-D19 -> 0 | G19: living costs per person per day | H19: 34
A20: =A19+1 -> 13 | E20: =C20-D20 -> 0
B21: TOTAL | C21: =SUM(C7:C20) -> 115181.77 | D21: =SUM(D7:D20) -> 107976.63 | E21: =C21-D21 -> 7205.1354 | H21: =D21+H5 -> 117927.96
C22: =(H3+H4-C21)/(H3+H4) -> 0.18978379
B23: Hours workers | C23: 1330 | D23: =72.8+1357.12-254.37+36.97 -> 1212.52 | E23: =C23-D23 -> 117.48
B24: Hours SM/PM | C24: =C23/5 -> 266 | D24: =25.2+254.37+9.15 -> 288.72 | E24: =C24-D24 -> -22.72
B25: ADD HOURS
B26: TOTAL | C26: =SUM(C23:C25) -> 1596 | D26: =SUM(D23:D25) -> 1501.24 | E26: =SUM(E23:E25) -> 94.76
B30: Avansi | C30: =C31+C32+C33+C34 -> 0

Sheet UGG
A1: UGG | B1: Neue Schönhauser Str. 3, 10178 Berlin, Germany | G1: 11/07/2025-09/09/2025
J2: maksājumi
B3: Sales (m2): | C3: 95.2 | D3: =C25/C3 -> 1906.3661 | G3: Contract amount EUR | H3: 217968.89 | I3: pēc līguma parakstīšanas | J3: =ROUND(H3*0.33,2)-0.03 -> 71929.7 | K3: =ROUND(H3*0.1,2) -> 21796.89 | L3: =J3-K3 -> 50132.81
B4: BOH (m2): | C4: 68.4 | G4: Additional works, EUR | H4: 10000 | I4: pēc darbu pabeigšanas | J4: 146039.19 | K4: 10898.44 | L4: =J4-K4 -> 135140.75
B5: TOTAL (m2) | C5: =SUM(C3:C4) -> 163.6 | D5: =C25/C5 -> 1109.3279 | G5: Administrative costs (7% from income) | H5: =(H3+H4)*0.07 -> 15957.822 | I5: pēc garantijas perioda -5 gadi! | J5: =K4+K3 -> 32695.33 | L5: =J5-K5 -> 32695.33 | N5: The security deposit according to Sec. 6.2 and 6.3 will be paid out in return of an unlimited, directly enforceable, unconditional and irrevocable guarantee by a major EU insurance domiciled and with service address in the European Union in the retained amount. The guarantee may not include a deposit clause, must be governed by German law and stipulate the location of the construction project as place of court jurisdiction. The guarantee deed must state clearly that claims based on the guarantee will in no case become time-barred before the claims that the guarantee covers. The security (deposit or bank guarantee) will be returned to the Contractor as soon as and to the extent no more secured claims exist.
B6: Position | C6: Planned costs | D6: Actual costs | E6: PROFIT | G6: Profit | H6: =H3+H4-D25-H5 -> 64868.032 | L6: =L5+L4+L3 -> 217968.89
A7: 1 | B7: SALARY | C7: =56065+300+33+2000 -> 58398 | D7: =(1231.91*15.02+138.53*16.5+205.25*14.03+800-115*50-4500)*1.48*1.2359+115*50+1887.5+4500+2000+(55.78*15.02+9.5*13-450)*1.48*1.2359+450+1211.96 -> 42742.586 | E7: =C7-D7 -> 15655.414 | F7: =D7/(H3+H4) -> 0.18749306 | H7: =H6/(H4+H3) -> 0.28454774
A8: =A7+1 -> 2 | B8: MATERIALS | C8: =36957.94+5000 -> 41957.94 | D8: =C35+363.21+2847.98+2517.12+1690+388.67+133.05+8.98+1418.19+609.38+1431.69+29.26+288.39+164.53+234.68+560.14+1799.55+150.56+8.8+313.6+763.29+6.28+266+87+574.38+37.56+67+116.64+366.69+399.58+1095.43+573.48+502+431.41+605+1744.46+286.3+967.99+840+48.5+900+883+955.44+408.99+71.94+1002.15 -> 28958.29 | E8: =C8-D8 -> 12999.65 | F8: =D8/H3 -> 0.13285515 | L8: =H3*0.05 -> 10898.445
A9: =A8+1 -> 3 | B9: HOTEL | C9: 6500 | D9: =3600+980+319.39+1265+352.17+74.2 -> 6590.76 | E9: =C9-D9 -> -90.76 | G9: hours costs planned | H9: =C7/C30 -> 38.369251
A10: =A9+1 -> 4 | B10: GASOLINE | C10: 1025 | D10: =243.38+96.47+88.31+88.12 -> 516.28 | E10: =C10-D10 -> 508.72 | G10: hours per m2 planned | H10: =C30/C5 -> 9.3031785 | M10: =K4*0.03 -> 326.9532
A11: =A10+1 -> 5 | B11: AVIO+TRAVEL COSTS | C11: =1500 -> 1500 | D11: =337.72/2+201.99+283.98*2+253.98+843.43+98.97 -> 2135.19 | E11: =C11-D11 -> -635.19 | G11: m2 costs planned | H11: =H9*H10 -> 356.95599 | M11: =M10*5 -> 1634.766
A12: =A11+1 -> 6 | B12: TRANSPORT COSTS | C12: 2000 | D12: =1400+590+150+150+190+190+1070 -> 3740 | E12: =C12-D12 -> -1740
B13: TRAVEL COSTS PM | C13: 3000 | D13: =5930.25 -> 5930.25 | E13: =C13-D13 -> -2930.25
B14: SUB: VENTILATION | C14: 500 | D14: =2374.69*2 -> 4749.38 | E14: =C14-D14 -> -4249.38
B15: SUB: HVAC | C15: 1300 | D15: 2666.79 | E15: =C15-D15 -> -1366.79
B16: SUB: SECURITY Vorsicher | C16: 7417 | D16: 5515.84 | E16: =C16-D16 -> 1901.16
B17: SUB: FIRE ALARM | C17: 1100 | E17: =C17-D17 -> 1100
A18: =A12+1 -> 7 | B18: SUB: ELECTRICITY | C18: =500+632+6590+5860+2666+3497+312+4886+4855+2100 -> 31898 | D18: =30106.35 -> 30106.35 | E18: =C18-D18 -> 1791.65 | G18: hours cost in fact | H18: =D7/D30 -> 26.042385
A19: =A18+1 -> 8 | B19: SUB: EL MESS PROT | C19: 2500 | D19: =2530+4175.65 -> 6705.65 | E19: =C19-D19 -> -4205.65 | G19: hours per m2 in fact | H19: =D30/C5 -> 10.032213
A20: =A19+1 -> 9 | B20: WASTE | C20: 2400 | D20: =243.09+249.75+123.21+158.39+86.58+903.65 -> 1764.67 | E20: =C20-D20 -> 635.33 | G20: m2 costs in fact | H20: =H19*H18 -> 261.26275
A21: =A20+1 -> 10 | B21: MECHANISMS | C21: =25337.11-(C9+C10+C11+C12+C13)+150+150+778-C20 -> 9990.11 | D21: =2206.89+125+619.15+17.5+22.22+3.68+33.67+116.51+14.78+38.01+41.06+43.3+41.92+34.96+35.35+39.39+47+22+22.2+18+16.07+37.18+20.41+22.06+18.76+47.5+10+121.33+4.75+20.23+45.83+21.5+44.79 -> 3973 | E21: =C21-D21 -> 6017.11
A22: =A21+1 -> 11 | B22: ADD 1 | C22: 10000 | D22: =1048 -> 1048 | E22: =C22-D22 -> 8952 | G22: hours costs, incl. travel and living | H22: =(D7+D9+D11)/D30 -> 31.35897
A23: =A22+1 -> 12 | B23: ADD 2 | E23: =C23-D23 -> 0 | G23: living costs per person per day | H23: =3600/24/5 -> 30
A24: =A23+1 -> 13 | E24: =C24-D24 -> 0
B25: TOTAL | C25: =SUM(C7:C24) -> 181486.05 | D25: =SUM(D7:D24) -> 147143.04 | E25: =C25-D25 -> 34343.014 | H25: =D25+H5 -> 163100.86
C26: =(H3+H4-C25)/(H3+H4) -> 0.20389993
B27: Hours workers | C27: 1112 | D27: =146.48+182.58+190.02+42+120.32+10+91.83+209.13+224.17+9.87+64.52+12.9-2.36-17 -> 1284.46 | E27: =C27-D27 -> -172.46
B28: Hours SM/PM | C28: =C27/4 -> 278 | D28: =138.53+17*9 -> 291.53 | E28: =C28-D28 -> -13.53
B29: ADD HOURS | C29: 132 | D29: 65.28 | E29: =C29-D29 -> 66.72
B30: TOTAL | C30: =SUM(C27:C29) -> 1522 | D30: =SUM(D27:D29) -> 1641.27 | E30: =SUM(E27:E29) -> -119.27
A35: Avansi | C35: =C36 -> 0

Sheet PAN2
A1: PAN2 | B1: PANDORA, ULLEMISTE, TALLINN | G1: 31/07/2025-31/08/2025
B3: Sales (m2): | C3: 58.6 | D3: =C24/C3 -> 1155.651 | G3: Contract amount EUR | H3: 75326.52 | J3: =75326.52*0.3 -> 22597.956
B4: BOH (m2): | C4: 45.5 | G4: Additional works, EUR | H4: =3461.7+4094+2142.4 -> 9698.1 | J4: =H3*0.9 -> 67793.868
B5: TOTAL (m2) | C5: =SUM(C3:C4) -> 104.1 | D5: =C24/C5 -> 650.53939 | G5: Administrative costs (7% from income) | H5: =(H3+H4)*0.07 -> 5951.7234 | J5: =H3-J4 -> 7532.652 | K5: pēc gada
B6: Position | C6: Planned costs | D6: Actual costs | E6: PROFIT | G6: Profit | H6: =H3+H4-D24-H5 -> 21821.832
A7: 1 | B7: SALARY | C7: 25181.19 | D7: =(238.91-120-138*40+209.21*12+109.17*13.81+444.82*13+337.8+2018.16)*1.48*1.2359+160+5520 -> 18037.045 | E7: =C7-D7 -> 7144.1454 | H7: =H6/(H4+H3) -> 0.2566531
A8: =A7+1 -> 2 | B8: MATERIALS | C8: 10234.11 | D8: =C34+4654.94+862.99+1793.26+700+330.35+891+2135.65+1793.26+247.07+806.49+50+55.26 -> 14320.27 | E8: =C8-D8 -> -4086.16
A9: =A8+1 -> 3 | B9: HOTEL | C9: 2500 | D9: 5415.96 | E9: =C9-D9 -> -2915.96 | G9: hours costs planned | H9: =C7/C29 -> 21.072126
A10: =A9+1 -> 4 | B10: GASOLINE | C10: 460 | D10: =232.47+237.27 -> 469.74 | E10: =C10-D10 -> -9.74 | G10: hours per m2 planned | H10: =C29/C5 -> 11.479347
A11: =A10+1 -> 5 | B11: AVIO+TRAVEL COSTS | C11: 400 | D11: =210.99+32.98+15 -> 258.97 | E11: =C11-D11 -> 141.03 | G11: m2 costs planned | H11: =C24/C5 -> 650.53939
A12: =A11+1 -> 6 | B12: TRANSPORT COSTS | C12: 800 | D12: 190 | E12: =C12-D12 -> 610
B13: TRAVEL COSTS PM | E13: =C13-D13 -> 0
B14: Internal cleaning | C14: 703.2 | D14: 480 | E14: =C14-D14 -> 223.2
B15: SUB: SECURITY | C15: 0 | E15: =C15-D15 -> 0
B16: SUB: FIRE ALARM | C16: 0 | E16: =C16-D16 -> 0
A17: =A12+1 -> 7 | B17: SUB: ELECTRICITY | C17: 12532 | D17: 12396.84 | E17: =C17-D17 -> 135.16 | G17: hours cost in fact | H17: =D7/D29 -> 18.598726
A18: =A17+1 -> 8 | B18: SUB: EL MESS PROT | C18: 0 | E18: =C18-D18 -> 0 | G18: hours per m2 in fact | H18: =D29/C5 -> 9.3160423
A19: =A18+1 -> 9 | B19: WASTE | C19: 3536.3 | D19: =1090.2+63 -> 1153.2 | E19: =C19-D19 -> 2383.1 | G19: m2 costs in fact | H19: =H18*H17 -> 173.26652
A20: =A19+1 -> 10 | B20: MECHANISMS | C20: 1677.35 | D20: =297.49+265+168.39+238.16 -> 969.04 | E20: =C20-D20 -> 708.31
A21: =A20+1 -> 11 | B21: ADD 1 | C21: 4094 | D21: 3560 | E21: =C21-D21 -> 534 | G21: hours costs, incl. travel and living | H21: =(D7+D9+D11)/D29 -> 24.450376
A22: =A21+1 -> 12 | B22: ADD 2 | C22: 3461 | E22: =C22-D22 -> 3461 | G22: living costs per person per day | H22: =D9/30/5 -> 36.1064
A23: =A22+1 -> 13 | B23: ADD 3 | C23: 2142 | E23: =C23-D23 -> 2142
B24: TOTAL | C24: =SUM(C7:C23) -> 67721.15 | D24: =SUM(D7:D23) -> 57251.065 | E24: =C24-D24 -> 10470.085 | H24: =D24+H5 -> 63202.788
C25: =(H3+H4-C24)/(H3+H4) -> 0.20351129
B26: Hours workers | C26: 975 | D26: =7+766-3.2 -> 769.8 | E26: =C26-D26 -> 205.2
B27: Hours SM/PM | C27: 220 | D27: =25*8 -> 200 | E27: =C27-D27 -> 20
B28: ADD HOURS | E28: =C28-D28 -> 0
B29: TOTAL | C29: =SUM(C26:C28) -> 1195 | D29: =SUM(D26:D28) -> 969.8 | E29: =SUM(E26:E28) -> 225.2
A34: Avansi | C34: =C36+C37+C38+C39 -> 0

Sheet KAR
A1: KAR | B1: Intimissimi Uomo Kartnerstrasse 37, Wienna, Austria | G1: 04/08/2025-28/08/2025
B3: Sales (m2): | C3: 83.6 | D3: =C20/C3 -> 1307.8187 | G3: Contract amount EUR | H3: 110000
B4: BOH (m2): | C4: =52.7+35.1 -> 87.8 | G4: Additional works, EUR | H4: =C17+C18 -> 22635
B5: TOTAL (m2) | C5: =SUM(C3:C4) -> 171.4 | D5: =C20/C5 -> 637.88588 | G5: Administrative costs (7% from income) | H5: =(H3+H4)*0.07 -> 9284.45
B6: Position | C6: Planned costs | D6: Actual costs | E6: PROFIT | G6: Profit | H6: =H3+H4-D20-H5 -> 23933.591
A7: 1 | B7: SALARY | C7: 37657.86 | D7: =(212.43*16.5+980.5*14-7200)*1.48*1.2359+7200+817+(126.41*15.02-100)*1.48*1.2359+100+(87.86*15+60.71*13-18*50)*1.48*1.2359+30*50+5022.32+473.74 -> 38961.106 | E7: =C7-D7 -> -1303.246 | H7: =H6/(H3+H4) -> 0.18044702
A8: =A7+1 -> 2 | B8: MATERIALS | C8: 14222.07 | D8: =C28+13856.17+488.85+113.61+1516.42+67.84+56.02+450 -> 16548.91 | E8: =C8-D8 -> -2326.84
A9: =A8+1 -> 3 | B9: HOTEL | C9: 4800 | D9: =3800+350+140+280+660.91+2577.1+849+480+102.58/3+166 -> 9337.2033 | E9: =C9-D9 -> -4537.2033 | G9: hours costs planned | H9: =C7/C25 -> 27.099784
A10: =A9+1 -> 4 | B10: GASOLINE | C10: =750+200 -> 950 | D10: =259.76+152.27+69.96+164.23+70.91+112.49 -> 829.62 | E10: =C10-D10 -> 120.38 | G10: hours per m2 planned | H10: =C25/C5 -> 8.1073512
A11: =A10+1 -> 5 | B11: AVIO+TRAVEL | C11: 1000 | D11: =1407.88+1021.88+25.45 -> 2455.21 | E11: =C11-D11 -> -1455.21 | G11: m2 costs planned | H11: =H9*H10 -> 219.70747
A12: =A11+1 -> 6 | B12: TRANSPORT COSTS | C12: =1000 -> 1000 | D12: =1130+190 -> 1320 | E12: =C12-D12 -> -320
A13: =A12+1 -> 7 | B13: SUB: ELECTRICITY | C13: =13763 -> 13763 | D13: =1349.69+12868.16+1349.68 -> 15567.53 | E13: =C13-D13 -> -1804.53 | G13: hours cost in fact | H13: =D7/D25 -> 28.216737
A14: =A13+1 -> 8 | B14: SUB: HVAC | C14: =1688+3213 -> 4901 | D14: =2049.92+2601.53+817+210+931.62+780 -> 7390.07 | E14: =C14-D14 -> -2489.07 | G14: hours per m2 in fact | H14: =D25/C5 -> 8.0558926
A15: =A14+1 -> 9 | B15: WASTE | C15: =1564+3211 -> 4775 | D15: =139+149+34+886.45 -> 1208.45 | E15: =C15-D15 -> 3566.55 | G15: m2 costs in fact | H15: =H14*H13 -> 227.311
A16: =A15+1 -> 10 | B16: MECHANISMS | C16: =34818.71-C14-C15-C13-C12-C11-C10-C9 -> 3629.71 | D16: =1056+38.89+70.05+13+19.7+22+60+52.27+13.81+47.7+91.1+142.59+133.61+14.5 -> 1775.22 | E16: =C16-D16 -> 1854.49
A17: =A16+1 -> 11 | B17: ADD 1 | C17: 21000 | D17: =1349.69+430+38+378.91+1220.04+607 -> 4023.64 | E17: =C17-D17 -> 16976.36 | G17: hours costs, incl. travel and living | H17: =(D7+D9+D11)/D25 -> 36.757137
A18: =A17+1 -> 12 | B18: ADD 2 | C18: 1635 | E18: =C18-D18 -> 1635 | G18: living costs per person per day | H18: =3800/6/30 -> 21.111111
A19: =A18+1 -> 13 | E19: =C19-D19 -> 0
B20: TOTAL | C20: =SUM(C7:C19) -> 109333.64 | D20: =SUM(D7:D19) -> 99416.959 | E20: =C20-D20 -> 9916.6807 | H20: =D20+H5 -> 108701.41
C21: =(H3+H4-C20)/(H3+H4) -> 0.17568033
B22: Hours workers | C22: 1033 | D22: =212.43*0.2+107.73+207.4+87.28+215.47+186.18+89.17+96.72-1.25-2.3-1.3-2.5-2.13+35.55-11.7+87.86+60.71+1.88 -> 1197.256 | E22: =C22-D22 -> -164.256 | L22: Zaudējumi | M22: + Additional (actual costs)
B23: Hours SM/PM | C23: =C22/5 -> 206.6 | D23: =212.43*0.8+11.7+1.88 -> 183.524 | E23: =C23-D23 -> 23.076 | L23: 12782.17 | M23: =L23+D17 -> 16805.81 | O23: =M23*1.3 -> 21847.553
B24: ADD HOURS | C24: 150 | E24: =C24-D24 -> 150
B25: TOTAL | C25: =SUM(C22:C24) -> 1389.6 | D25: =SUM(D22:D24) -> 1380.78 | E25: =SUM(E22:E24) -> 8.82
B28: Avansi | C28: =C29+C30+C31 -> 0

Sheet LIN
A1: LIN | B1: Intimissimi SC Pluscity, Pluskaufstrasse 1, OVE, 4061 Linz, Austria | G1: 22.07.2025-18.08.2025
B3: Sales (m2): | C3: 73.36 | D3: =C20/C3 -> 1039.1111 | G3: Contract amount EUR | H3: 96000
B4: BOH (m2): | C4: 14.59 | G4: Additional works, EUR | H4: =6840.06+400+5876.81 -> 13116.87
B5: TOTAL (m2) | C5: =SUM(C3:C4) -> 87.95 | D5: =C20/C5 -> 866.73326 | G5: Administrative costs (7% from income) | H5: =(H3+H4)*0.07 -> 7638.1809
B6: Position | C6: Planned costs | D6: Actual costs | E6: PROFIT | G6: Profit | H6: =H3+H4-D20-H5 -> 30458.069
A7: 1 | B7: SALARY | C7: =32476.11 -> 32476.11 | D7: =(69.3*14.03+22.91*7+330.38*15.02+22.91*4*7.5-11*5*50-4850+614.09*15.02+137.6*14.03)*1.48*1.2359+11*50*5+4850+2250.82+4114.9 -> 32872.39 | E7: =C7-D7 -> -396.28 | H7: =H6/(H3+H4) -> 0.27913254
A8: =A7+1 -> 2 | B8: MATERIALS | C8: 10792 | D8: =B29+354.09+182.4+279.27+237.48+667+842.2+2100+3293.55+887.91+151.82+159.08+469.2+1531.05+271.88 -> 11426.93 | E8: =C8-D8 -> -634.93
A9: =A8+1 -> 3 | B9: HOTEL | C9: 3600 | D9: =1650*2 -> 3300 | E9: =C9-D9 -> 300 | G9: hours costs planned | H9: =C7/C25 -> 26.51111
A10: =A9+1 -> 4 | B10: GASOLINE | C10: 750 | D10: =194.18+66.49+152.06+258.08 -> 670.81 | E10: =C10-D10 -> 79.19 | G10: hours per m2 planned | H10: =C25/C5 -> 13.928368
A11: =A10+1 -> 5 | B11: AVIO+TRAVEL | C11: =1900+540 -> 2440 | D11: =279.99+455.96 -> 735.95 | E11: =C11-D11 -> 1704.05 | G11: m2 costs planned | H11: =H9*H10 -> 369.25651
A12: =A11+1 -> 6 | B12: TRANSPORT COSTS | C12: 1000 | D12: =1040+130 -> 1170 | E12: =C12-D12 -> -170
A13: =A12+1 -> 7 | B13: SUB: ELECTRICITY | C13: =13626+2300 -> 15926 | D13: =11746.41+2952.01 -> 14698.42 | E13: =C13-D13 -> 1227.58 | G13: hours cost in fact | H13: =D7/D25 -> 28.56854
A14: =A13+1 -> 8 | B14: SUB: HVAC | E14: =C14-D14 -> 0 | G14: hours per m2 in fact | H14: =D25/C5 -> 13.083002
A15: =A14+1 -> 9 | B15: WASTE | C15: =1564+550+3265 -> 5379 | D15: =129.25+1953+1980.32 -> 4062.57 | E15: =C15-D15 -> 1316.43 | G15: m2 costs in fact | H15: =H14*H13 -> 373.76225
A16: =A15+1 -> 10 | B16: MECHANISMS | C16: =32961.08-C9-C10-C11-C12-C13-C15 -> 3866.08 | D16: =125+294.07+46.4+1010+26.23+101.95+21.25+21.25+11.4+426 -> 2083.55 | E16: =C16-D16 -> 1782.53
A17: =A16+1 -> 11 | B17: ADD 1 | E17: =C17-D17 -> 0 | G17: hours costs, incl. travel and living | H17: =(D7+D9+D11)/D25 -> 32.076079
A18: =A17+1 -> 12 | B18: ADD 2 | E18: =C18-D18 -> 0 | G18: living costs per person per day | H18: =3300/5/28 -> 23.571429
A19: =A18+1 -> 13 | E19: =C19-D19 -> 0
B20: TOTAL | C20: =SUM(C7:C19) -> 76229.19 | D20: =SUM(D7:D19) -> 71020.62 | E20: =C20-D20 -> 5208.57 | H20: =D20+H5 -> 78658.801
C21: =(H3+H4-C20)/(H3+H4) -> 0.30139867
B22: Hours workers | C22: 980 | D22: =311.4+591.97 -> 903.37 | E22: =C22-D22 -> 76.63
B23: Hours SM/PM | C23: =C22/4 -> 245 | D23: =88.28+159 -> 247.28 | E23: =C23-D23 -> -2.28
B24: ADD HOURS
B25: TOTAL | C25: =SUM(C22:C24) -> 1225 | D25: =SUM(D22:D24) -> 1150.65 | E25: =SUM(E22:E24) -> 74.35
A29: Avansi | B29: =B30+B31 -> 0

Sheet TRIE
A1: TRI | B1: Calzedonia Simeonstraße 38, 54290 Trier, Germany | G1: 18.06.2025-11.07.2025
B3: Sales (m2): | C3: 75.2 | D3: =C20/C3 -> 542.11423 | G3: Contract amount EUR | H3: 49600 | J3: =24800/H3 -> 0.5
B4: BOH (m2): | C4: =38.93+17.25 -> 56.18 | G4: Additional works, EUR | H4: 1858.66
B5: TOTAL (m2) | C5: =SUM(C3:C4) -> 131.38 | D5: =C20/C5 -> 310.2983 | G5: Administrative costs (7% from income) | H5: =(H3+H4)*0.07 -> 3602.1062
B6: Position | C6: Planned costs | D6: Actual costs | E6: PROFIT | G6: Profit | H6: =H3+H4-D20-H5 -> 11730.219
A7: 1 | B7: SALARY | C7: 22119.42 | D7: =(359*15.02+89.6*16.5+500+12.78*8.01-15*5*50)*1.48*1.2359+3750+350*5+(69.7*16.5+269.76*15.02-50*50)*1.48*1.2359+50*50+1222.5+855.75 -> 21830.044 | E7: =C7-D7 -> 289.37553 | H7: =H6/(H3+H4) -> 0.22795423
A8: =A7+1 -> 2 | B8: MATERIALS | C8: 7250.94 | D8: =B29+1965.68+313.35+297.91+1179.87+70.81+6.99+46.7+150.78+155.1+441+682.48+1222.5+215.64+649.64+12.9 -> 7411.35 | E8: =C8-D8 -> -160.41
A9: =A8+1 -> 3 | B9: HOTEL | C9: 3000 | D9: =1609.89+1263.25 -> 2873.14 | E9: =C9-D9 -> 126.86 | G9: hours costs planned | H9: =C7/C25 -> 26.238932
A10: =A9+1 -> 4 | B10: GASOLINE | C10: 1150 | D10: =145.13+102.37 -> 247.5 | E10: =C10-D10 -> 902.5 | G10: hours per m2 planned | H10: =C25/C5 -> 6.4165018
A11: =A10+1 -> 5 | B11: AVIO+TRAVEL | C11: 1500 | D11: =980.5+592.1+337.72/2 -> 1741.46 | E11: =C11-D11 -> -241.46 | G11: m2 costs planned | H11: =H9*H10 -> 168.36216
A12: =A11+1 -> 6 | B12: TRANSPORT COSTS | C12: =1000 -> 1000 | D12: =690+570+240 -> 1500 | E12: =C12-D12 -> -500
A13: =A12+1 -> 7 | B13: SUB: ELECTRICITY | C13: 0 | D13: 0 | E13: =C13-D13 -> 0 | G13: hours cost in fact | H13: =D7/D25 -> 27.585479
A14: =A13+1 -> 8 | B14: SUB: EL MESS PROT | C14: 0 | D14: 0 | E14: =C14-D14 -> 0 | G14: hours per m2 in fact | H14: =D25/C5 -> 6.0234434
A15: =A14+1 -> 9 | B15: WASTE | C15: 1100 | D15: =26.5+18 -> 44.5 | E15: =C15-D15 -> 1055.5 | G15: m2 costs in fact | H15: =H14*H13 -> 166.15957
A16: =A15+1 -> 10 | B16: MECHANISMS | C16: =9538.63-C9-C10-C11-C12-C15 -> 1788.63 | D16: =169.36+12.3+48+2.7+55.7+125+16.8+13.48+30.5+4.5 -> 478.34 | E16: =C16-D16 -> 1310.29
A17: =A16+1 -> 11 | B17: ADD 1 | C17: 1858 | E17: =C17-D17 -> 1858 | G17: hours costs, incl. travel and living | H17: =(D7+D9+D11)/D25 -> 33.416706
A18: =A17+1 -> 12 | B18: ADD 2 | E18: =C18-D18 -> 0 | G18: living costs per person per day | H18: =1609.89/5/13 -> 24.767538
A19: =A18+1 -> 13 | E19: =C19-D19 -> 0
B20: TOTAL | C20: =SUM(C7:C19) -> 40766.99 | D20: =SUM(D7:D19) -> 36126.334 | E20: =C20-D20 -> 4640.6555 | H20: =D20+H5 -> 39728.441
B22: Hours workers | C22: 675 | D22: =359+269.76 -> 628.76 | E22: =C22-D22 -> 46.24
B23: Hours SM/PM | C23: 168 | D23: =89.6+73 -> 162.6 | E23: =C23-D23 -> 5.4
B24: ADD HOURS
B25: TOTAL | C25: =SUM(C22:C24) -> 843 | D25: =SUM(D22:D24) -> 791.36 | E25: =SUM(E22:E24) -> 51.64
A29: Avansi | B29: =SUM(B30:B35) -> 0

Sheet FAL_STU3
A1: FAL | B1: Falconeri Sture Galerian, Stokholma | G1: 04/06/2025-19/06/25
B3: Sales (m2): | C3: 100 | D3: =C20/C3 -> 347.7272 | G3: Contract amount EUR | H3: 32248
B4: BOH (m2): | G4: Additional works, EUR | H4: =2009/2+2076.15+4859.49+4095.14 -> 12035.28
B5: TOTAL (m2) | C5: =SUM(C3:C4) -> 100 | D5: =C20/C5 -> 347.7272 | G5: Administrative costs (7% from income) | H5: =(H3+H4)*0.07 -> 3099.8296
B6: Position | C6: Planned costs | D6: Actual costs | E6: PROFIT | G6: Profit | H6: =H3+H4-D20-H5 -> 19331.891
A7: 1 | B7: SALARY | C7: 16097.12 | D7: =(D25*15.02-4200)*1.48*1.2359+4200 -> 13477.625 | E7: =C7-D7 -> 2619.4947 | H7: =H6/(H3+H4) -> 0.43655058
A8: =A7+1 -> 2 | B8: MATERIALS | C8: 5082.46 | D8: =F38+66.12+1203.67+1215.5-258.62 -> 4026.7714 | E8: =C8-D8 -> 1055.6886
A9: =A8+1 -> 3 | B9: HOTEL | C9: 2400 | D9: =F30 -> 2009.5912 | E9: =C9-D9 -> 390.40877 | G9: hours costs planned | H9: =C7/C25 -> 27.110939
A10: =A9+1 -> 4 | B10: GASOLINE | C10: 200 | D10: 158.16 | E10: =C10-D10 -> 41.84 | G10: hours per m2 planned | H10: =C25/C5 -> 5.9375
A11: =A10+1 -> 5 | B11: AVIO+TRAVEL | C11: =350+250 -> 600 | D11: =431.98+9.05*2+635.7 -> 1085.78 | E11: =C11-D11 -> -485.78 | G11: m2 costs planned | H11: =H9*H10 -> 160.9712
A12: =A11+1 -> 6 | B12: TRANSPORT COSTS | C12: 250 | D12: 49.21 | E12: =C12-D12 -> 200.79
A13: =A12+1 -> 7 | B13: SUB: ELECTRICITY | E13: =C13-D13 -> 0 | G13: hours cost in fact | H13: =D7/D25 -> 21.832478
A14: =A13+1 -> 8 | B14: SUB: EL MESS PROT | E14: =C14-D14 -> 0 | G14: hours per m2 in fact | H14: =D25/C5 -> 6.1732
A15: =A14+1 -> 9 | B15: WASTE | C15: 700 | D15: =F47 -> 391.47111 | E15: =C15-D15 -> 308.52889 | G15: m2 costs in fact | H15: =H14*H13 -> 134.77625
A16: =A15+1 -> 10 | B16: MECHANISMS | C16: =4691.14-C15-C12-C11-C10-C9 -> 541.14 | D16: =104.96+253.39+185.6+109 -> 652.95 | E16: =C16-D16 -> -111.81
A17: =A16+1 -> 11 | B17: ADD 1 | C17: 3044 | E17: =C17-D17 -> 3044 | G17: hours costs, incl. travel and living | H17: =(D7+D9+D11)/D25 -> 26.846687
A18: =A17+1 -> 12 | B18: ADD 2 | C18: 1763 | E18: =C18-D18 -> 1763 | G18: living costs per person per day | H18: =D9/6/15 -> 22.328791
A19: =A18+1 -> 13 | B19: ADD 3 | C19: 4095 | E19: =C19-D19 -> 4095
B20: TOTAL | C20: =SUM(C7:C19) -> 34772.72 | D20: =SUM(D7:D19) -> 21851.559 | E20: =C20-D20 -> 12921.161 | H20: =D20+H5 -> 24951.389
B22: Hours workers | C22: 417.06 | D22: =567.95-117.41+36.82 -> 487.36 | E22: =C22-D22 -> -70.3
B23: Hours SM/PM | C23: 83.4 | D23: =117.41+12.55 -> 129.96 | E23: =C23-D23 -> -46.56
B24: ADD HOURS | C24: =433.35-C22+77 -> 93.29 | E24: =C24-D24 -> 93.29
B25: TOTAL | C25: =SUM(C22:C24) -> 593.75 | D25: =SUM(D22:D24) -> 617.32 | E25: =SUM(E22:E24) -> -23.57
A29: Buildup | F29: 10.9475
A30: living | B30: Easy Flat | C30: 50775 | D30: 18150 | E30: =D30/$F$29 -> 1657.9128 | F30: =SUM(E30:E37) -> 2009.5912
C31: 50787 | D31: 3300 | E31: =D31/$F$29 -> 301.43868
C32: 50844 | D32: 550 | E32: =D32/$F$29 -> 50.239781
E33: =D33/$F$29 -> 0
E34: =D34/$F$29 -> 0
E35: =D35/$F$29 -> 0
E36: =D36/$F$29 -> 0
E37: =D37/$F$29 -> 0
A38: materials | B38: Optimera | C38: 18988683 | D38: 7820.16 | E38: =D38/$F$29 -> 714.33295 | F38: =SUM(E38:E46) -> 1800.1014
C39: 19036128 | D39: 11060.94 | E39: =D39/$F$29 -> 1010.3622
C40: 19127505 | D40: 508.8 | E40: =D40/$F$29 -> 46.476364
C41: 19256551 | D41: 3530.88 | E41: =D41/$F$29 -> 322.52843
C42: 19405455 | D42: -3214.17 | E42: =D42/$F$29 -> -293.59854
E43: =D43/$F$29 -> 0
E44: =D44/$F$29 -> 0
E45: =D45/$F$29 -> 0
E46: =D46/$F$29 -> 0
A47: waste | B47: BigBag | C47: 163215692 | D47: 4285.63 | E47: =D47/$F$29 -> 391.47111 | F47: =SUM(E47:E51) -> 391.47111
E48: =D48/$F$29 -> 0
E49: =D49/$F$29 -> 0
E50: =D50/$F$29 -> 0
E51: =D51/$F$29 -> 0

Sheet STU2
A1: STU2 | B1: Calzedonia Sture Galerian, Stokholma | G1: 27/5/2025-9/6/2025
B3: Sales (m2): | C3: 64.78 | D3: =C21/C3 -> 500.60404 | G3: Contract amount EUR | H3: =311581.22/F30-0.13 -> 28721.004
B4: BOH (m2): | G4: Additional works, EUR | H4: =C18+2009/2+460.89 -> 15387.47
B5: TOTAL (m2) | C5: =SUM(C3:C4) -> 64.78 | D5: =C21/C5 -> 500.60404 | G5: Administrative costs (7% from income) | H5: =(H3+H4)*0.07 -> 3087.5932
B6: Position | C6: Planned costs | D6: Actual costs | E6: PROFIT | G6: Profit | H6: =H3+H4-D21-H5 -> 22060.161
A7: 1 | B7: SALARY | C7: 10421.24 | D7: =((228.77+289.42-49.37)*15.02-1550-1650)*1.48*1.2359+1550+1650 -> 10226.933 | E7: =C7-D7 -> 194.30676 | H7: =H6/(H3+H4) -> 0.50013431
A8: =A7+1 -> 2 | B8: MATERIALS | C8: 2954.79 | D8: =721.56+353.43+77.56+880.83+8313/10.825+47.67+906.95+119.76+109.74 -> 3985.4446 | E8: =C8-D8 -> -1030.6546
A9: =A8+1 -> 3 | B9: HOTEL | C9: 2100 | D9: =F31 -> 2129.3266 | E9: =C9-D9 -> -29.326635 | G9: hours costs planned | H9: =C7/C26 -> 22.801593
A10: =A9+1 -> 4 | B10: GASOLINE | C10: 250 | D10: 123.76 | E10: =C10-D10 -> 126.24 | G10: hours per m2 planned | H10: =C26/C5 -> 7.055264
A11: =A10+1 -> 5 | B11: AVIO+TRAVEL | C11: 500 | D11: =44.3+74.12+31.27+100.7+123.65+31.33+111.08 -> 516.45 | E11: =C11-D11 -> -16.45 | G11: m2 costs planned | H11: =H9*H10 -> 160.87126
A12: =A11+1 -> 6 | B12: TRANSPORT COSTS | C12: 500 | E12: =C12-D12 -> 500
A13: =A12+1 -> 7 | B13: PARKING | C13: 300 | D13: =32.26+31.74+20.38+12.13+8.56+6.84+19.12 -> 131.03 | E13: =C13-D13 -> 168.97
A14: =A13+1 -> 8 | B14: SUB: ELECTRICITY | C14: 0 | D14: 0 | E14: =C14-D14 -> 0 | G14: hours cost in fact | H14: =D7/D26 -> 21.89687
A15: =A14+1 -> 9 | B15: SUB: BASU | C15: 0 | D15: =F52 -> 875.6971 | E15: =C15-D15 -> -875.6971 | G15: hours per m2 in fact | H15: =D26/C5 -> 7.209787
A16: =A15+1 -> 10 | B16: WASTE | C16: 815 | D16: =F47 -> 564.34807 | E16: =C16-D16 -> 250.65193 | G16: m2 costs in fact | H16: =H15*H14 -> 157.87177
A17: =A16+1 -> 11 | B17: MECHANISMS | C17: =5131.02-C9-C10-C11-C12-C13-C14-C15-C16 -> 666.02 | D17: =90+58.36+255.59+3.78 -> 407.73 | E17: =C17-D17 -> 258.29
A18: =A17+1 -> 12 | B18: ADD 1 | C18: 13922.08 | E18: =C18-D18 -> 13922.08 | G18: hours costs, incl. travel and living | H18: =(D7+D9+D11)/D26 -> 27.561738
A19: =A18+1 -> 13 | B19: ADD 2 | E19: =C19-D19 -> 0 | G19: living costs per person per day | H19: =D9/6/14 -> 25.349127
A20: =A19+1 -> 14 | E20: =C20-D20 -> 0
B21: TOTAL | C21: =SUM(C7:C20) -> 32429.13 | D21: =SUM(D7:D20) -> 18960.72 | E21: =C21-D21 -> 13468.41 | H21: =D21+H5 -> 22048.313
B23: Hours workers | C23: 366.34 | D23: =198+238.2-36.82 -> 399.38 | E23: =C23-D23 -> -33.04
B24: Hours SM/PM | C24: 73 | D24: =29+38.15+13.07-12.55 -> 67.67 | E24: =C24-D24 -> 5.33
B25: ADD HOURS | C25: 17.7 | E25: =C25-D25 -> 17.7
B26: TOTAL | C26: =SUM(C23:C25) -> 457.04 | D26: =SUM(D23:D25) -> 467.05 | E26: =SUM(E23:E25) -> -10.01
A30: Buildup | F30: 10.8485
A31: living | B31: Easy Flat | C31: 50616 | D31: 14850 | E31: =D31/$F$30 -> 1368.8528 | F31: =SUM(E31:E38) -> 2129.3266
C32: 50667 | D32: 8250 | E32: =D32/$F$30 -> 760.4738
E33: =D33/$F$30 -> 0
E34: =D34/$F$30 -> 0
E35: =D35/$F$30 -> 0
E36: =D36/$F$30 -> 0
E37: =D37/$F$30 -> 0
E38: =D38/$F$30 -> 0
A39: materials | B39: Optimera | C39: 18617860 | E39: =D39/$F$30 -> 0 | F39: =SUM(E39:E46) -> 2094.9246
C40: 18672774 | D40: 16023.23 | E40: =D40/$F$30 -> 1476.9996
C41: 18862193 | D41: 2683.09 | E41: =D41/$F$30 -> 247.32359
C42: 18970665 | D42: 557.27 | E42: =D42/$F$30 -> 51.368392
C43: 18988675 | D43: 3463.2 | E43: =D43/$F$30 -> 319.23307
E44: =D44/$F$30 -> 0
E45: =D45/$F$30 -> 0
E46: =D46/$F$30 -> 0
A47: waste | B47: BigBag | C47: 162398390 | D47: 2448.93 | E47: =D47/$F$30 -> 225.73904 | F47: =SUM(E47:E51) -> 564.34807
C48: 162710495 | D48: 3673.4 | E48: =D48/$F$30 -> 338.60902
E49: =D49/$F$30 -> 0
E50: =D50/$F$30 -> 0
E51: =D51/$F$30 -> 0
A52: subcontractor | B52: Stromfeldt | C52: 25004 | D52: 9500 | E52: =D52/$F$30 -> 875.6971 | F52: =E52 -> 875.6971
E53: =D53/$F$30 -> 0

Sheet STU
A1: STU | B1: Intimissimi Sture Galerian, Stokholma | G1: 18/05/2025-25/05/2025
B3: Sales (m2): | C3: 63 | D3: =C21/C3 -> 348.06825 | G3: Contract amount EUR | H3: 29275
B4: BOH (m2): | G4: Additional works, EUR
B5: TOTAL (m2) | C5: =SUM(C3:C4) -> 63 | D5: =C21/C5 -> 348.06825 | G5: Administrative costs (7% from income) | H5: =(H3+H4)*0.07 -> 2049.25
B6: Position | C6: Planned costs | D6: Actual costs | E6: PROFIT | G6: Profit | H6: =H3+H4-D21-H5 -> 14268.891
A7: 1 | B7: SALARY | C7: 8431.15 | D7: =(289*15.02+16.02*70-2700)*1.48*1.2359+2700 -> 7752.3918 | E7: =C7-D7 -> 678.75817 | H7: =H6/(H3+H4) -> 0.48740875
A8: =A7+1 -> 2 | B8: MATERIALS | C8: 4620.41 | D8: =387.92+F39+800.92+50.08+36.84+66.12 -> 1877.433 | E8: =C8-D8 -> 2742.977
A9: =A8+1 -> 3 | B9: HOTEL | C9: 2100 | D9: =F31 -> 755.23861 | E9: =C9-D9 -> 1344.7614 | G9: hours costs planned | H9: =C7/C26 -> 24.106908
A10: =A9+1 -> 4 | B10: GASOLINE | C10: 500 | D10: 123.76 | E10: =C10-D10 -> 376.24 | G10: hours per m2 planned | H10: =C26/C5 -> 5.5514286
A11: =A10+1 -> 5 | B11: AVIO+TRAVEL | C11: 2800 | D11: =870.9+35.6+73.01 -> 979.51 | E11: =C11-D11 -> 1820.49 | G11: m2 costs planned | H11: =H9*H10 -> 133.82778
A12: =A11+1 -> 6 | B12: TRANSPORT COSTS | C12: 500 | D12: 80 | E12: =C12-D12 -> 420
A13: =A12+1 -> 7 | B13: PARKING | C13: 300 | D13: 139.21 | E13: =C13-D13 -> 160.79
A14: =A13+1 -> 8 | B14: SUB: ELECTRICITY | C14: 0 | D14: 0 | E14: =C14-D14 -> 0 | G14: hours cost in fact | H14: =D7/D26 -> 21.594406
A15: =A14+1 -> 9 | B15: SUB: EL MESS PROT | C15: 0 | D15: 0 | E15: =C15-D15 -> 0 | G15: hours per m2 in fact | H15: =D26/C5 -> 5.6984127
A16: =A15+1 -> 10 | B16: WASTE | C16: 800 | D16: =F48 -> 205.05873 | E16: =C16-D16 -> 594.94127 | G16: m2 costs in fact | H16: =H15*H14 -> 123.05384
A17: =A16+1 -> 11 | B17: MECHANISMS | C17: =8876.74-C9-C10-C11-C12-C13-C14-C15-C16 -> 1876.74 | D17: =102.71+163.52+462.36+20.41+37.66+39.12+75+58.36+18.68+23.34-139.21+125+F53 -> 1044.2566 | E17: =C17-D17 -> 832.48341
A18: =A17+1 -> 12 | B18: ADD 1 | E18: =C18-D18 -> 0 | G18: hours costs, incl. travel and living | H18: =(D7+D9+D11)/D26 -> 26.426575
A19: =A18+1 -> 13 | B19: ADD 2 | E19: =C19-D19 -> 0 | G19: living costs per person per day | H19: =D9/6/8 -> 15.734138
A20: =A19+1 -> 14 | E20: =C20-D20 -> 0
B21: TOTAL | C21: =SUM(C7:C20) -> 21928.3 | D21: =SUM(D7:D20) -> 12956.859 | E21: =C21-D21 -> 8971.4413 | H21: =D21+H5 -> 15006.109
B23: Hours workers | C23: 289.74 | D23: 324 | E23: =C23-D23 -> -34.26
B24: Hours SM/PM | C24: 60 | D24: 35 | E24: =C24-D24 -> 25
B25: ADD HOURS
B26: TOTAL | C26: =SUM(C23:C25) -> 349.74 | D26: =SUM(D23:D25) -> 359 | E26: =SUM(E23:E25) -> -9.26
A30: Buildup | F30: 10.9237
A31: living | B31: Easy Flat | C31: 50600 | D31: 8250 | E31: =D31/$F$30 -> 755.23861 | F31: =SUM(E31:E38) -> 755.23861
E32: =D32/$F$30 -> 0
E33: =D33/$F$30 -> 0
E34: =D34/$F$30 -> 0
E35: =D35/$F$30 -> 0
E36: =D36/$F$30 -> 0
E37: =D37/$F$30 -> 0
E38: =D38/$F$30 -> 0
A39: materials | B39: Optimera | C39: 18502179 | D39: 3398.86 | E39: =D39/$F$30 -> 311.14549 | F39: =SUM(E39:E47) -> 535.55297
C40: 18523241 | D40: 1075.9 | E40: =D40/$F$30 -> 98.492269
C41: 18617860 | D41: 1375.46 | E41: =D41/$F$30 -> 125.91521
E42: =D42/$F$30 -> 0
E43: =D43/$F$30 -> 0
E44: =D44/$F$30 -> 0
E45: =D45/$F$30 -> 0
E46: =D46/$F$30 -> 0
E47: =D47/$F$30 -> 0
A48: waste | B48: BigBag | C48: 162233399 | D48: 2240 | E48: =D48/$F$30 -> 205.05873 | F48: =SUM(E48:E52) -> 205.05873
E49: =D49/$F$30 -> 0
E50: =D50/$F$30 -> 0
E51: =D51/$F$30 -> 0
E52: =D52/$F$30 -> 0
A53: mechanisms | B53: Cramo | C53: 12078296 | D53: 626 | E53: =D53/$F$30 -> 57.30659 | F53: =E53 -> 57.30659

Sheet SWA
A1: SWA | B1: Swarovski store in shopping center Mall of Scandinavia Stjärntorget 2, 169 79 Solna, Sweden | G1: 1/4/2025-30/4/2025, 6/5/2025-15/5/2025
B2: Sales (m2): | C2: 64.39 | D2: =C19/C2 -> 1903.7976 | G2: Contract amount EUR | H2: 145000 | J2: Payment conditions
B3: BOH (m2): | C3: 17.16 | G3: Additional works, EUR | H3: =C16+C17 -> 10574.43 | J3: 0.3 | K3: 43500 | L3: 10d
B4: TOTAL (m2) | C4: =SUM(C2:C3) -> 81.55 | D4: =C19/C4 -> 1503.1947 | G4: Administrative costs (7% from income) | H4: =(H2+H3)*0.07 -> 10890.21 | J4: 0.6 | K4: 87000 | L4: 30 d
B5: Position | C5: Planned costs | D5: Actual costs | E5: PROFIT | G5: Profit | H5: =H2+H3-D19-H4 -> 11467.718 | J5: 0.1 | K5: 14500 | L5: 30 d
A6: 1 | B6: SALARY | C6: =28722.11-C8-C10 -> 24742.51 | D6: =(8191.31-3600+16.02*(152.46+17.88)-20*50)*1.48*1.2359+3600+20*50+(4821.58+6.9*15.02-1700)*1.48*1.2359+1700 -> 23759.75 | E6: =C6-D6 -> 982.7595 | H6: =H5/(H2+H3) -> 0.073712102
A7: =A6+1 -> 2 | B7: MATERIALS | C7: 14720.52 | D7: =G35+C80+8195+1480.01+70.82+46+39.96+54.01+11+13.74+7.27+159.54+13.8+25.38+3.58+6.41+295+673.27+6.41+3.58+96.67 -> 15259.052 | E7: =C7-D7 -> -538.53182
A8: =A7+1 -> 3 | B8: HOTEL (4 eur/h) | C8: =C21*4 -> 3183.68 | D8: =F29+F30+F31+F32+F33 -> 4889.0909 | E8: =C8-D8 -> -1705.4109 | G8: hours costs planned | H8: =C6/C24 -> 23.861542
A9: =A8+1 -> 4 | B9: GASOLINE+DRIVER | E9: =C9-D9 -> 0 | G9: hours per m2 planned | H9: =C24/C4 -> 12.715144
A10: =A9+1 -> 5 | B10: AVIO+TRAVEL (1 eur/h) | C10: =C21*1 -> 795.92 | D10: =600.7/2+65.12+897.31+132.01+329.69+110+202+130.25+586.69+36.72+430.9+60.63+129.04+86.18 -> 3496.89 | E10: =C10-D10 -> -2700.97 | G10: m2 costs planned | H10: =H8*H9 -> 303.40294
A11: =A10+1 -> 6 | B11: TRANSPORT COSTS | C11: 1000 | D11: =150+230+120+150+420+450+160 -> 1680 | E11: =C11-D11 -> -680
A12: =A11+1 -> 7 | B12: SUB: ELECTRICITY | C12: 31500 | D12: 30550 | E12: =C12-D12 -> 950 | G12: hours cost in fact | H12: =D6/D24 -> 24.247118
A13: =A12+1 -> 8 | B13: SUB: KWIKWORKS | C13: 30020 | D13: =29865.44+853.98 -> 30719.42 | E13: =C13-D13 -> -699.42 | G13: hours per m2 in fact | H13: =D24/C4 -> 12.015941
A14: =A13+1 -> 9 | B14: SUB: SPRINKLERS | E14: =C14-D14 -> 0 | G14: m2 costs in fact | H14: =H13*H12 -> 291.35194
A15: =A14+1 -> 10 | B15: MECHANISMS | C15: =68568.47-C11-C12-C13-C14 -> 6048.47 | D15: =G56+4.57+419.06+266.35+411.93+69.2+1162.95+125+164+91.45+253.33+24.01+15.89+18.6+29.72+11.65+6.87+11.9+15.2+73.44+10.24+21.23+208.33+462.36+220.5+165.76+8.36+10.39+(81.89)/2+87.79+52.9 -> 10788.362 | E15: =C15-D15 -> -4739.8923
A16: =A15+1 -> 11 | B16: ADD 1 | C16: 155.83 | E16: =C16-D16 -> 155.83 | G16: hours costs, incl. travel and living | H16: =(D6+D8+D10)/D24 -> 32.805114
A17: =A16+1 -> 12 | B17: ADD 2 | C17: 10418.6 | D17: =G74-21.8 -> 8090.2 | E17: =C17-D17 -> 2328.4 | G17: living costs per person per day | H17: =D8/5/30 -> 32.593939
A18: =A17+1 -> 13 | B18: Project manager travels | D18: =1954.42+350*1.48*1.2359+1066.1+351.59-60+31.43 -> 3983.7362 | E18: =C18-D18 -> -3983.7362
B19: TOTAL | C19: =SUM(C6:C18) -> 122585.53 | D19: =SUM(D6:D18) -> 133216.5 | E19: =C19-D19 -> -10630.972 | H19: =D19+H4 -> 144106.71
B21: Hours workers | C21: 795.92 | D21: =545.36+34.5+43.1+43.1+34.5+6.9 -> 707.46 | E21: =C21-D21 -> 88.46
B22: Hours SM/PM | C22: 214 | D22: =152.46+17.88+75.1 -> 245.44 | E22: =C22-D22 -> -31.44
B23: ADD HOURS | C23: 27 | D23: 27 | E23: =C23-D23 -> 0
B24: TOTAL | C24: =SUM(C21:C23) -> 1036.92 | D24: =SUM(D21:D23) -> 979.9 | E24: =SUM(E21:E23) -> 57.02
B28: Buildup | G28: 11
A29: living | B29: Easy Flat | C29: 49982 | D29: 39060 | E29: SEK | F29: =D29/$G$28 -> 3550.9091 | G29: EUR
C30: 50358 | D30: 420 | E30: SEK | F30: =D30/$G$28 -> 38.181818
C31: 50450 | D31: 8250 | E31: SEK | F31: =D31/$G$28 -> 750
C32: 50475 | D32: 3300 | E32: SEK | F32: =D32/$G$28 -> 300
C33: 50530 | D33: 2750 | E33: SEK | F33: =D33/$G$28 -> 250
A35: materials | B35: Optimera | C35: 17292053 | D35: 13400.92 | F35: =D35/$G$28 -> 1218.2655 | G35: =SUM(F35:F55) -> 4057.6018
C36: 17309717 | D36: 1319.7 | F36: =D36/$G$28 -> 119.97273
C37: 17327107 | D37: 1695.36 | F37: =D37/$G$28 -> 154.12364
C38: 17370198 | D38: 9863.25 | F38: =D38/$G$28 -> 896.65909
C39: 17399783 | D39: 2293.43 | F39: =D39/$G$28 -> 208.49364
C40: 17437336 | D40: 611.98 | F40: =D40/$G$28 -> 55.634545
C41: 17417874 | D41: 726.19 | F41: =D41/$G$28 -> 66.017273
C42: 17456344 | D42: 3467.25 | F42: =D42/$G$28 -> 315.20455
C43: 17583584 | D43: 1975.03 | F43: =D43/$G$28 -> 179.54818
C44: 17645284 | D44: 3356.59 | F44: =D44/$G$28 -> 305.14455
C45: 17727991 | D45: 1870.61 | F45: =D45/$G$28 -> 170.05545
C46: 18041699 | D46: -1499.41 | F46: =D46/$G$28 -> -136.31
C47: 18302596 | D47: 218.95 | F47: =D47/$G$28 -> 19.904545
C48: 18409466 | D48: 2928.82 | F48: =D48/$G$28 -> 266.25636
B50: Bevego | C50: 11974794 | D50: 433.95 | F50: =D50/$G$28 -> 39.45
F51: =D51/$G$28 -> 0
B52: Wurth | C52: 216352 | D52: 1971 | F52: =D52/$G$28 -> 179.18182
F53: =D53/$G$28 -> 0
F54: =D54/$G$28 -> 0
A56: mechanisms | B56: Cramo | C56: 11998907 | D56: 526.48 | F56: =D56/$G$28 -> 47.861818 | G56: =SUM(F56:F68) -> 6324.4373
C57: 12010834 | D57: 8009.02 | F57: =D57/$G$28 -> 728.09273
C58: 12019010 | D58: 9768.96 | F58: =D58/$G$28 -> 888.08727
C59: 12037378 | D59: 9263.34 | F59: =D59/$G$28 -> 842.12182
C60: 12056938 | D60: 10238.8 | F60: =D60/$G$28 -> 930.8
B61: Flinks | C61: 3610416 | D61: 750 | F61: =D61/$G$28 -> 68.181818
C62: 3612958 | D62: 1056 | F62: =D62/$G$28 -> 96
F63: =D63/$G$28 -> 0
C64: 3615468 | D64: 1059 | F64: =D64/$G$28 -> 96.272727
B65: Urban services | C65: 26029 | D65: 2057.06 | F65: =D65/$G$28 -> 187.00545
C66: 26261 | D66: 1299.15 | F66: =D66/$G$28 -> 118.10455
B67: Kranpunkten | C67: 10250015624 | D67: 241 | F67: =D67/$G$28 -> 21.909091
B68: Fortnox | C68: 7307 | D68: 25300 | F68: =D68/$G$28 -> 2300
A69: subcontractor | B69: Artel AB | C69: 34800 | D69: 100800 | F69: =D69/$G$28 -> 9163.6364 | G69: =SUM(F69:F73) -> 30545.455 | H69: =G69-D12 -> -4.5454545
C70: 34816 | D70: 100000 | F70: =D70/$G$28 -> 9090.9091
C71: 34820 | D71: 101600 | F71: =D71/$G$28 -> 9236.3636
C72: 34822 | D72: 33600 | F72: =D72/$G$28 -> 3054.5455
A74: Add works 2 | B74: A-Sprinkler AB | C74: 2365003663 | D74: 22892 | F74: =D74/$G$28 -> 2081.0909 | G74: =F74+F75+F76+F77+F78 -> 8112
C75: 2365003724 | D75: 7575 | F75: =D75/$G$28 -> 688.63636
B76: Säkerhetsbolaget FST AB | C76: 7092 | D76: 31595 | F76: =D76/$G$28 -> 2872.2727
B77: Elteknikbolaget i Stockholm AB | C77: 10095 | D77: 22345 | F77: =D77/$G$28 -> 2031.3636
B78: Avarn | C78: 19882117 | D78: 4825 | F78: =D78/$G$28 -> 438.63636
B80: Avansi | C80: =C81+C82+C83+C84 -> 0

Sheet FRO
A1: FRO | B1: Calzedonia and Intimissimi, Frölunda torg, 421 42 Västra Frölunda, Sweden 25/03/2025-31/03/2025
A2: Object costs
C3: Marts | E3: Aprīlis | K3: Total | N3: General data | Q3: worked hours
A4: Objekta ieņēmumi kopā | B4: Budget total | C4: =(O4) -> 23863.622 | E4: =O5 -> 5500 | K4: =E4+C4 -> 29363.622 | N4: Contract amount EUR | O4: =B38/B39 -> 23863.622 | Q4: 25/03-31/03 | R4: 26/02-03/03 | S4: 45748 | AB4: total
A5: Objekta tiešie izdevumi | B5: Direct costs | C5: =C6+C7+C8+C9+C10+C11+C13+C14+C17+C15+C12+C16 -> 12212.399 | E5: =E6+E7+E8+E9+E10+E11+E13+E14+E17+E15+E12 -> 4525.7258 | G5: =G6+G7+G8+G9+G10+G11+G13+G14+G17+G15+G12 -> 0 | I5: =I6+I7+I8+I9+I10+I11+I13+I14+I17+I15+I12 -> 0 | K5: =K6+K7+K8+K9+K10+K11+K13+K14+K17+K15+K12+K16 -> 16738.125 | N5: Additional works, EUR | O5: =2000+3500 -> 5500 | Q5: 1 | R5: 2 | S5: 3 | T5: 4 | U5: 5 | V5: 6 | W5: 7 | X5: 8 | Y5: 9 | Z5: 10 | AA5: 11
A6: mtr. un aprīkojuma iegāde | B6: materials and equipment | C6: =C42+163+166.07+249.92+33.02+24.09+10.1+13.8+59.28 -> 1029.31 | D6: =C6+C7+C8 -> 3595.9918 | E6: =129.58+190.61 -> 320.19 | F6: =E6+E7+E8 -> 2250.19 | H6: =G6+G7+G8 -> 0 | J6: =I6+I7+I8 -> 0 | K6: =C6+E6+G6+I6 -> 1349.5 | L6: =K6+K7+K8 -> 5846.1818 | N6: square m2 | O6: 38.5 | Q6: =AB6 -> 188 | AB6: 188
A7: mtr. piegādes izdevumi | B7: delivery | E7: 1930 | K7: =C7+E7+G7+I7 -> 1930 | N7: object square | O7: hours optimal/ m2 | Q7: =132+2 -> 134 | R7: =16+16.47 -> 32.47 | AB7: =Q7+R7+S7+T7+U7+V7+AA7+W7+X7+Y7+Z7 -> 166.47
A8: apakšuzņēmēji | B8: subcontractors | C8: =K43+K44+14696/11 -> 2566.6818 | K8: =C8+E8+G8+I8 -> 2566.6818 | N8: m2<50 | O8: 13
A9: darba algas | B9: salaries | C9: =((132.72-34.35+1.5)*15.02+34.85*16.02+12*4*7.51+12*8.01+600-C13)*1.48 -> 1946.1177 | D9: =C9+C10+C11+C13+C12 -> 6068.077 | E9: =((16*15.02+8.31*7.51+100+16.47*16.02+8.31*8.01+12*8.01+100)-E13)*1.48 -> 931.30569 | F9: =E9+E10+E11+E13+E12 -> 1928.0808 | H9: =G9+G10+G11+G13+G12 -> 0 | J9: =I9+I10+I11+I13+I12 -> 0 | K9: =C9+E9+G9+I9 -> 2877.4234 | L9: =K9+K10+K11+K13+K12 -> 7996.1577 | N9: 50<m2<100 | O9: 12
A10: DD VSAOI | B10: tax for salaries | C10: =C9*0.2359 -> 459.08917 | E10: =E9*0.2359 -> 219.69501 | G10: =G9*0.2359 -> 0 | I10: =I9*0.2359 -> 0 | K10: =C10+E10+G10+I10 -> 678.78418
A11: uzkrājums atvaļinājumam | B11: vacation allowance | C11: =(C9+C10)*0.08 -> 192.41655 | E11: =(E9+E10)*0.08 -> 92.080056 | G11: =(G9+G10)*0.08 -> 0 | I11: =(I9+I10)*0.08 -> 0 | K11: =C11+E11+G11+I11 -> 284.49661 | N11: materials and equipment costs
A12: administratīvie izdevumi 7% | B12: administrative costs 7% | C12: =(C4)*0.07 -> 1670.4535 | E12: =(E4)*0.07 -> 385 | G12: =(G13+G11+G10+G9)*0.07 -> 0 | I12: =(I13+I11+I10+I9)*0.07 -> 0 | K12: =C12+E12+G12+I12 -> 2055.4535 | N12: planned | O12: 804.01
A13: kom. dienas naudas | B13: travel allowance | C13: =9*50*4 -> 1800 | E13: =3*2*50 -> 300 | K13: =C13+E13+G13+I13 -> 2100 | N13: in fact | O13: =K6+K7 -> 3279.5
A14: kom. izdevumi- naktsmītne | B14: travel expenses (hotels) | C14: 945.48 | D14: =C14+C17+C15+C16 -> 2548.33 | E14: 203 | F14: =E14+E17+E15 -> 347.455 | H14: =G14+G17+G15 -> 0 | J14: =I14+I17+I15 -> 0 | K14: =C14+E14+G14+I14 -> 1148.48 | L14: =K14+K17+K15+K16 -> 2895.785
A15: kom. izdevumi- ceļš | B15: travel expenses ( tickets, road costs) | C15: =600.7/2 -> 300.35 | K15: =C15+E15+G15+I15 -> 300.35 | N15: Salaries and taxes
A16: komandējuma izdevumi (administrācija) | B16: travel expenses (administration) | C16: =471.73 -> 471.73 | K16: =C16+E16+G16+I16 -> 471.73 | N16: planned | O16: 6568.84
A17: citi izdevumi | B17: other expenses | C17: =967.14/2+11.53+6.69+11.43+65.64+1.88+5.84+1.51+3.93+19.23+125+94.52 -> 830.77 | E17: =73.5+30.01+81.89/2 -> 144.455 | K17: =C17+E17+G17+I17 -> 975.225 | N17: in fact | O17: =L9-K12 -> 5940.7042
A18: peļņa bruto | B18: profit/ loss | C18: =C4-C5 -> 11651.223 | D18: =C18/C4 -> 0.48824203 | E18: =E4-E5 -> 974.27424 | F18: =E18/E4 -> 0.17714077 | G18: =G4-G5 -> 0 | H18: =G18/G4 -> #DIV/0! | I18: =I4-I5 -> 0 | J18: =I18/I4 -> #DIV/0! | K18: =K4-K5 -> 12625.497 | L18: =K18/K4 -> 0.42997071 | N18: hours costs planned | O18: =O16/AB6 -> 34.940638
A19: plānotā peļņa | B19: planned profit | K19: =O4-17941.79 -> 5921.8319 | L19: =K19/O4 -> 0.24815311 | N19: hours cost in fact | O19: =O17/AB7 -> 35.686335 | Q19: travel and living costs
Q20: 25/03-31/03 | R20: 26/02-03/03 | S20: 45748 | T20: 20/03-26/03 | U20: 27/03-02/04 | V20: 03/04-09/04 | W20: 10/04-12/04 | X20: 23/04-30/04 | Y20: 01/05-04/05 | Z20: =Z4 -> 0 | AA20: =AA4 -> 0 | AB20: total
A21: Direct costs | B21: actual costs | C21: planned costs | N21: hours per m2 | Q21: 1 | R21: 2 | S21: 3 | T21: 4 | U21: 5 | V21: 6 | W21: 7 | X21: 8 | Y21: 9 | Z21: 10 | AA21: 11
A22: Materials, incl.delivery, and subcontractors | B22: =L6/K5 -> 0.34927341 | C22: =804.01/17941.79 -> 0.04481214 | N22: planned | O22: =AB6/O6 -> 4.8831169 | Q22: 3400 | AB22: =O27 -> 3400
A23: Salaries and taxes | B23: =L9/K5 -> 0.47772125 | C23: =6568.84/17941.79 -> 0.36611955 | N23: in fact | O23: =AB7/O6 -> 4.3238961 | Q23: =K14+K15-203 -> 1245.83 | S23: 203 | AB23: =Q23+R23+S23+T23+U23+V23+AA23+W23+X23+Y23+Z23 -> 1448.83
A24: Other costs | B24: =L14/K5 -> 0.17300534 | C24: =10568.95/17941.79 -> 0.58906887 | N24: m2 costs | O24: =O23*O19 -> 154.304
N26: travel and living costs
N27: planned | O27: =1500+1900 -> 3400
N28: in fact | O28: =K14+K15 -> 1448.83
N29: living costs per worked hour | O29: =O28/AB7 -> 8.7032498
N31: Subcontractors budget, EUR
N32: Payments to subcontractor, EUR
N34: date of report
N35: 45785
C37: 0.5 | D37: 0.5
A38: tāmes summa SEK | B38: 262559.5 | C38: =ROUND(B38/2,2) -> 131279.75 | D38: =C38 -> 131279.75
A39: kurss 19.03.2025 | B39: 11.0025
A40: tāmes summa EUR | B40: =ROUND(B38/B39,2) -> 23863.62 | C40: =B40/2 -> 11931.81 | D40: =C40 -> 11931.81
B42: Alena trūkstošie čeki | C42: =156.96+153.07 -> 310.03
B43: Buildup, Ragn Sells | C43: 4758.5 | D43: sek | K43: =C43/11 -> 432.59091 | L43: eur
B44: Buildup, Ragn Sells | C44: 8779 | D44: sek | K44: =C44/11 -> 798.09091

Sheet LULU
A1: LULU | B1: garantijas darbi februārī, kondicioniera uzstādīšana jūnijā
A2: Object costs
C3: Februāris | E3: Jūnijs/ jūlijs | G3: Total | J3: General data | M3: worked hours
A4: Objekta ieņēmumi kopā | B4: Budget total | C4: 0 | E4: =K4 -> 38063.1 | G4: =E4+C4 -> 38063.1 | H4: =D4+F4 -> 0 | J4: Contract amount EUR | K4: 38063.1 | M4: 11/2-14/2 | X4: total
A5: Objekta tiešie izdevumi | B5: Direct costs | C5: =C6+C7+C8+C9+C10+C11+C13+C14+C17+C15+C12+C16 -> 5119.4555 | E5: =E6+E7+E8+E9+E10+E11+E13+E14+E17+E15+E12 -> 22993.087 | G5: =G6+G7+G8+G9+G10+G11+G13+G14+G17+G15+G12+G16 -> 28112.543 | J5: Additional works, EUR | M5: 1 | N5: 2 | O5: 3 | P5: 4 | Q5: 5 | R5: 6 | S5: 7 | T5: 8 | U5: 9 | V5: 10 | W5: 11
A6: materiālu un aprīkojuma iegāde | B6: materials and equipment | C6: =154.04+C38/D39+8.9+16.72+17.61+177 -> 2845.9153 | D6: =C6+C7+C8 -> 2845.9153 | E6: =2080+(C39+C40)/D39 -> 2478.9229 | F6: =E6+E7+E8 -> 16584.305 | G6: =C6+E6 -> 5324.8382 | H6: =G6+G7+G8 -> 19430.221 | J6: square m2
A7: materiālu piegādes izdevumi | B7: delivery | G7: =C7+E7 -> 0 | J7: object square | K7: hours optimal/ m2 | M7: 27.84 | X7: =M7+N7+O7+P7+Q7+R7+W7+S7+T7+U7+V7 -> 27.84 | Y7: =H9/X7 -> 197.01193
A8: apakšuzņēmēji | B8: subcontractors | E8: =5400+(C42+C41)/D39+9788.48-3785.82+630 -> 14105.382 | G8: =C8+E8 -> 14105.382 | J8: m2<50 | K8: 13
A9: darba algas | B9: salaries | C9: =995.57-C13 -> 595.57 | D9: =C9+C10+C11+C13+C12 -> 1194.9502 | E9: =1127.24*2 -> 2254.48 | F9: =E9+E10+E11+E13+E12 -> 4289.862 | G9: =C9+E9 -> 2850.05 | H9: =G9+G10+G11+G13+G12 -> 5484.8121 | J9: 50<m2<100 | K9: 12
A10: DD VSAOI | B10: tax for salaries | C10: =C9*0.2359 -> 140.49496 | E10: =E9*0.2359 -> 531.83183 | G10: =C10+E10 -> 672.32679
A11: uzkrājums atvaļinājumam | B11: vacation allowance | C11: =(C9+C10)*0.08 -> 58.885197 | E11: =(E9+E10)*0.08 -> 222.90495 | G11: =C11+E11 -> 281.79014 | J11: materials and equipment costs
A12: administratīvie izdevumi 7% | B12: administrative costs 7% | C12: =(C4)*0.07 -> 0 | E12: =(E13+E11+E10+E9)*0.07 -> 280.64517 | G12: =C12+E12 -> 280.64517 | J12: planned
A13: komandējuma dienas naudas | B13: travel allowance | C13: 400 | E13: 1000 | G13: =C13+E13 -> 1400 | J13: in fact | K13: =G6+G7 -> 5324.8382
A14: komandējuma izdevumi- naktsmītne | B14: travel expenses (hotels) | C14: =203.81+35.65 -> 239.46 | D14: =C14+C17+C15+C16 -> 1078.59 | F14: =E14+E17+E15 -> 2118.92 | G14: =C14+E14 -> 239.46 | H14: =G14+G17+G15+G16 -> 3197.51
A15: komandējuma izdevumi- ceļš | B15: travel expenses ( tickets, road costs) | C15: 627.38 | G15: =C15+E15 -> 627.38 | J15: Salaries and taxes
A16: komandējuma izdevumi (administrācija) | B16: travel expenses (administration) | C16: =6+29.65+50+29+56.91+12.09+28.1 -> 211.75 | G16: =C16+E16 -> 211.75 | J16: planned
A17: citi izdevumi | B17: other expenses | E17: =1499.09+494.83+125 -> 2118.92 | G17: =C17+E17 -> 2118.92 | J17: in fact | K17: =G9+G10+G11+G13 -> 5204.1669
A18: peļņa bruto | B18: profit/ loss | C18: =C4-C5 -> -5119.4555 | D18: =C18/C4 -> #DIV/0! | E18: =E4-E5 -> 15070.013 | F18: =E18/E4 -> 0.39592184 | G18: =G4-G5 -> 9950.5572 | H18: =G18/G4 -> 0.26142267 | J18: hours costs planned | K18: =K16/X6 -> #DIV/0!
A19: plānotā peļņa | H19: =G19/K4 -> 0 | J19: hours cost in fact | K19: =K17/X7 -> 186.93128
M20: travel and living costs
A21: Direct costs | B21: actual costs | C21: planned costs | J21: hours per m2 | M21: 11/2-14/2 | X21: total
A22: Materials, incl.delivery, and subcontractors | B22: =H6/G5 -> 0.69115842 | C22: = | J22: planned | K22: =X6/K6 -> #DIV/0! | M22: 1 | N22: 2 | O22: 3 | P22: 4 | Q22: 5 | R22: 6 | S22: 7 | T22: 8 | U22: 9 | V22: 10 | W22: 11
A23: Salaries and taxes | B23: =H9/G5 -> 0.19510196 | C23: = | J23: in fact | K23: =X7/K6 -> #DIV/0! | M23: =X23/2 -> 0 | N23: =M23 -> 0 | X23: =K27 -> 0
A24: Other costs | B24: =H14/G5 -> 0.11373962 | C24: = | J24: m2 costs | K24: =K23*K19 -> #DIV/0! | M24: =G14+G15 -> 866.84 | X24: =M24+N24+O24+P24+Q24+R24+W24+S24+T24+U24+V24 -> 866.84
J26: travel and living costs
J27: planned
J28: in fact | K28: =G14+G15 -> 866.84
J29: living costs per worked hour | K29: =K28/X7 -> 31.136494
J31: Subcontractors budget, EUR
J32: Payments to subcontractor, EUR
J34: date of report
J35: 45719
C38: =C39+C40+C41+C42 -> 27903.64
A39: Bevego | B39: 11922063 | C39: 3708 | D39: 11.2895
A40: Optimera | B40: 15960198 | C40: 795.64
A41: Vent assistants | B41: 5322 | C41: 20000
A42: PRB Injustering | B42: 1272 | C42: 3400

Sheet INS
A1: INS | B1: Intimissimi Insbruck Rathaus Galerian, Austria, 3/3/2025-19/3/2025
A2: Object costs
C3: Marts | G3: Total | J3: General data | M3: worked hours
A4: Objekta ieņēmumi kopā | B4: Budget total | C4: =K4 -> 60000 | D4: =H4 -> 435.2 | G4: =C4+E4+K5 -> 60000 | H4: =X7 -> 435.2 | J4: Contract amount EUR | K4: 60000 | M4: 3/3-9/3 | N4: 10/3-16/3 | X4: total
A5: Objekta tiešie izdevumi | B5: Direct costs | C5: =C6+C7+C8+C9+C10+C11+C14+C15+C18+C16+C12 -> 42232.866 | E5: =E6+E7+E8+E9+E10+E11+E14+E15+E18+E16+E12 -> 0 | G5: =G6+G7+G8+G9+G10+G11+G14+G15+G18+G16+G12 -> 42232.866 | J5: Additional works, EUR | M5: 1 | N5: 2 | O5: 3 | P5: 4 | Q5: 5 | R5: 6 | S5: 7 | T5: 8 | U5: 9 | V5: 10 | W5: 11
A6: materiālu un aprīkojuma iegāde | B6: materials and equipment | C6: =B39+619.74+49.2+19.56+45+36.8+104.98+39.75+27.9+70.85+39.15+21.04+7.99+143.35+134.14+48.1+490+4.45+23.3+124.52+68.94+1.95+16.8+159+21+20.85+111+15.95+5.49+143.35+358.38+1964.51+159.16 -> 5096.2 | D6: =C6+C7+C8 -> 22749.64 | F6: =E6+E7+E8 -> 0 | G6: =C6+E6 -> 5096.2 | H6: =G6+G7+G8 -> 22749.64 | J6: square m2 | K6: =47.8+6.72 -> 54.52 | M6: =X6/2 -> 201 | N6: =M6 -> 201 | X6: 402
A7: materiālu piegādes izdevumi | B7: delivery | C7: 650 | G7: =C7+E7 -> 650 | J7: object square | K7: hours optimal/ m2 | M7: 223.47 | N7: 211.73 | X7: =M7+N7 -> 435.2
A8: apakšuzņēmēji | B8: subcontractors | C8: =939.39+2835+11564.4+835+829.65 -> 17003.44 | G8: =C8+E8 -> 17003.44 | J8: m2<50 | K8: 13
A9: darba algas | B9: salaries | C9: =(7422.57-C14)*1.48 -> 4991.4036 | D9: =C9+C10+C11+C14+C12+C13 -> 17506.156 | F9: =E9+E10+E11+E14+E12 -> 0 | G9: =C9+E9 -> 4991.4036 | H9: =G9+G10+G11+G14+G12+G13 -> 17506.156 | J9: 50<m2<100 | K9: 12
A10: DD VSAOI | B10: tax for salaries | C10: =C9*0.2359 -> 1177.4721 | E10: =E9*0.2359 -> 0 | G10: =C10+E10 -> 1177.4721
A11: uzkrājums atvaļinājumam | B11: vacation allowance | C11: =(C9+C10)*0.08 -> 493.51006 | E11: =(E9+E10)*0.08 -> 0 | G11: =C11+E11 -> 493.51006 | J11: materials and equipment costs
A12: administratīvie izdevumi 7% | B12: administrative costs 7% | C12: =(C4)*0.07 -> 4200 | E12: =(E4)*0.07 -> 0 | G12: =C12+E12 -> 4200 | J12: planned | K12: 6874.93
A13: BUAK | C13: 2593.77 | G13: =C13+E13 -> 2593.77 | J13: in fact | K13: =G6+G7 -> 5746.2
A14: komandējuma dienas naudas | B14: travel allowance | C14: =4050 -> 4050 | G14: =C14+E14 -> 4050
A15: komandējuma izdevumi- naktsmītne | B15: travel expenses (hotels) | C15: =2431.82+103.02 -> 2534.84 | D15: =C15+C18+C16 -> 4570.84 | F15: =E15+E18+E16 -> 0 | G15: =C15+E15 -> 2534.84 | H15: =G15+G18+G16 -> 4570.84
A16: komandējuma izdevumi- ceļš | B16: travel expenses ( tickets, road costs) | C16: =398.78+75.25+76+137.33 -> 687.36 | G16: =C16+E16 -> 687.36 | J16: Salaries and taxes
A17: komandējuma izdevumi (administrācija) | B17: travel expenses (administration) | J17: planned | K17: =12318.22 -> 12318.22
A18: citi izdevumi | B18: other expenses | C18: =891.02+17.25+123.61+154.63+79.47+82.66 -> 1348.64 | G18: =C18+E18 -> 1348.64 | J18: in fact | K18: =H9-G12 -> 13306.156
A19: peļņa bruto | B19: profit/ loss | C19: =C4-C5 -> 17767.134 | D19: =C19/C4 -> 0.2961189 | E19: =E4-E5 -> 0 | F19: =E19/E4 -> #DIV/0! | G19: =G4-G5 -> 17767.134 | H19: =G19/G4 -> 0.2961189 | J19: hours costs planned | K19: =K17/X6 -> 30.642338
A20: plānotā peļņa | B20: planned profit | G20: =K4-45401.06 -> 14598.94 | H20: =G20/K4 -> 0.24331567 | J20: hours cost in fact | K20: =K18/X7 -> 30.574806 | M20: travel and living costs
M21: 3/3-9/3 | N21: 10/3-16/3 | X21: total
A22: Direct costs | B22: actual costs | C22: planned costs | J22: hours per m2 | M22: 1 | N22: 2 | O22: 3 | P22: 4 | Q22: 5 | R22: 6 | S22: 7 | T22: 8 | U22: 9 | V22: 10 | W22: 11
A23: Materials, incl.delivery, and subcontractors | B23: =H6/G5 -> 0.53867147 | C23: =6874.93/45401.06 -> 0.15142664 | J23: planned | K23: =X6/K6 -> 7.3734409 | M23: =X23/2 -> 2500 | N23: =M23 -> 2500 | X23: =K28 -> 5000
A24: Salaries and taxes | B24: =H9/G5 -> 0.41451499 | C24: =12318.22/45401.06 -> 0.2713201 | J24: in fact | K24: =X7/K6 -> 7.9823918 | M24: =2431.82+398.78+75.25+76 -> 2981.85 | N24: =103.02+137.33 -> 240.35 | X24: =M24+N24 -> 3222.2
A25: Other costs | B25: =H15/G5 -> 0.10822945 | C25: =26408.01/45401.06 -> 0.58166065 | J25: m2 costs | K25: =K24*K20 -> 244.06008
J27: travel and living costs
J28: planned | K28: =3500+1500 -> 5000
J29: in fact | K29: =X24 -> 3222.2
J30: living costs per worked hour | K30: =K29/X7 -> 7.4039522
J32: Subcontractors budget, EUR
J33: Payments to subcontractor, EUR
J35: date of report
J36: 45786
A39: avanss | B39: =B40+B41+B42 -> 0

Sheet AKR
A1: AKR | B1: Calzedonia un Intimissimi Akropole, Latgales iela 257, 03/02/2025-
A2: Object costs
C3: Februāris | E3: Februāris | G3: Total | J3: General data | M3: Object address | N3: worked hours
A4: Objekta ieņēmumi kopā | B4: Budget total | C4: =K4+K5 -> 15496 | D4: =N7+O7+P7 -> 284.43 | G4: =C4 -> 15496 | H4: =D4+F4 -> 284.43 | J4: Contract amount EUR | K4: 15496 | M4: Time shedule, weeks | Y4: total
A5: Objekta tiešie izdevumi | B5: Direct costs | C5: =C6+C7+C8+C9+C10+C11+C13+C14+C17+C15+C12+C16 -> 11993.106 | E5: =E6+E7+E8+E9+E10+E11+E13+E14+E17+E15+E12 -> 0 | G5: =G6+G7+G8+G9+G10+G11+G13+G14+G17+G15+G12+G18+G16 -> 11993.106 | J5: Additional works, EUR | N5: 1 | O5: 2 | P5: 3 | Q5: 4 | R5: 5 | S5: 6 | T5: 7 | U5: 8 | V5: 9 | W5: 10 | X5: 11
A6: materiālu un aprīkojuma iegāde | B6: materials and equipment | C6: =B38+1356.35-29.44+36.6+27.77+21.03+40.4+68.54+29.05+10.59+12.25+15.49+64 -> 1652.63 | D6: =C6+C7+C8 -> 2600.8 | F6: =E6+E7+E8 -> 0 | G6: =C6+E6 -> 1652.63 | H6: =G6+G7+G8 -> 2600.8 | J6: square m2 | N6: =Y6 -> 0 | O6: 0
A7: materiālu piegādes izdevumi | B7: delivery | G7: =C7+E7 -> 0 | J7: object square | K7: hours optimal/ m2 | N7: 278.93 | O7: 5.5
A8: apakšuzņēmēji | B8: subcontractors | C8: =363.64+584.53 -> 948.17 | G8: =C8+E8 -> 948.17 | J8: m2<50 | K8: 13
A9: darba algas | B9: salaries | C9: =(3960.27+55)*1.48 -> 5942.5996 | D9: =C9+C10+C11+C13+C12 -> 9016.7356 | F9: =E9+E10+E11+E13+E12 -> 0 | G9: =C9+E9 -> 5942.5996 | H9: =G9+G10+G11+G13+G12 -> 9016.7356 | J9: 50<m2<100 | K9: 12
A10: DD VSAOI | B10: tax for salaries | C10: =C9*0.2359 -> 1401.8592 | E10: =E9*0.2359 -> 0 | G10: =C10+E10 -> 1401.8592
A11: uzkrājums atvaļinājumam | B11: vacation allowance | C11: =(C9+C10)*0.08 -> 587.55671 | E11: =(E9+E10)*0.08 -> 0 | G11: =C11+E11 -> 587.55671 | J11: materials and equipment costs
A12: administratīvie izdevumi 7% | B12: administrative costs 7% | C12: =(C4)*0.07 -> 1084.72 | E12: =(E13+E11+E10+E9)*0.07 -> 0 | G12: =C12+E12 -> 1084.72 | J12: planned
A13: komandējuma dienas naudas | B13: travel allowance | G13: =C13+E13 -> 0 | J13: in fact | K13: =H6 -> 2600.8
A14: komandējuma izdevumi- naktsmītne | B14: travel expenses (hotels) | D14: =C14+C17+C15+C16 -> 375.57 | F14: =E14+E17+E15 -> 0 | G14: =C14+E14 -> 0 | H14: =G14+G17+G15+G18+G16 -> 375.57
A15: komandējuma izdevumi- ceļš | B15: travel expenses ( tickets, road costs) | G15: =C15+E15 -> 0 | J15: Salaries and taxes
A16: komandējuma izdevumi (administrācija) | B16: travel expenses (administration) | G16: =C16 -> 0 | J16: planned
A17: citi izdevumi | B17: other expenses | C17: =125+129.66+120.91 -> 375.57 | G17: =C17+E17 -> 375.57 | J17: in fact | K17: =G9+G10+G11+G13 -> 7932.0156
J18: hours costs planned | K18: =K16/Y6 -> #DIV/0!
A19: peļņa bruto | B19: profit/ loss | C19: =C4-C5 -> 3502.8944 | D19: =C19/C4 -> 0.22605153 | E19: =E4-E5 -> 0 | F19: =E19/E4 -> #DIV/0! | G19: =G4-G5 -> 3502.8944 | H19: =G19/G4 -> 0.22605153 | J19: hours cost in fact | K19: =K17/Y7 -> #DIV/0!
A20: plānotā peļņa | B20: planned profit | H20: =G20/K4 -> 0
J21: hours per m2 | M21: Object address | N21: travel and living costs
A22: Direct costs | B22: actual costs | C22: planned costs | J22: planned | K22: =Y6/K6 -> #DIV/0! | M22: Time shedule, weeks | N22: =N4 -> 0 | O22: =O4 -> 0 | P22: =P4 -> 0 | Q22: =Q4 -> 0 | R22: =R4 -> 0 | Y22: total
A23: Materials, incl.delivery, and subcontractors | B23: =H6/G5 -> 0.21685793 | J23: in fact | K23: =Y7/K6 -> #DIV/0! | N23: 1 | O23: 2 | P23: 3 | Q23: 4 | R23: 5 | S23: 6 | T23: 7 | U23: 8 | V23: 9 | W23: 10 | X23: 11
A24: Salaries and taxes | B24: =H9/G5 -> 0.75182658 | J24: m2 costs | K24: =K23*K19 -> #DIV/0! | N24: =Y24 -> 0
A25: Other costs | B25: =H14/G5 -> 0.031315492 | N25: =G14+G15 -> 0 | Y25: =N25+O25+P25+Q25+R25+S25+X25+T25+U25+V25+W25 -> 0
J26: travel and living costs
J27: planned | K27: =X27 -> 0
J28: in fact | K28: =X28 -> 0
J29: living costs per worked hour | K29: 0
J31: Subcontractors budget, EUR
J32: Payments to subcontractor, EUR
J34: date of report
K35: 45744
A38: avansi | B38: =B39 -> 0

Sheet PAN
A1: PAN | B1: PANDORA SC Viru Keskus, Viru väljak 4-6, 10111 Tallinn, Estonia, 10/3/2025-31/3/2025
A2: Object costs
C3: Marts | E3: 44958 | I3: Total | L3: General data | O3: worked hours
A4: Objekta ieņēmumi kopā | B4: Budget total | C4: =(M4+M5) -> 67309.81 | D4: =O7+P7+Q7 -> 734.6 | I4: =C4+G4 -> 67309.81 | J4: =D4+F4 -> 734.6 | L4: Contract amount EUR | M4: =62271.61-2500 -> 59771.61 | O4: 10/03-16/03 | P4: 17/03-23/03 | Q4: 24/03-31/03 | Z4: total
A5: Objekta tiešie izdevumi | B5: Direct costs | C5: =C6+C7+C8+C9+C10+C11+C13+C14+C17+C15+C12 -> 58583.808 | E5: =E6+E7+E8+E9+E10+E11+E13+E14+E17+E15+E12 -> 0 | G5: =G6+G7+G8+G9+G10+G11+G13+G14+G17+G15+G12 -> 0 | I5: =I6+I7+I8+I9+I10+I11+I13+I14+I17+I15+I12+I16 -> 58583.808 | L5: Additional works, EUR | M5: =5628.2+700+510+700 -> 7538.2 | O5: 1 | P5: 2 | Q5: 3 | R5: 4 | S5: 5 | T5: 6 | U5: 7 | V5: 8 | W5: 9 | X5: 10 | Y5: 11
A6: materiālu un aprīkojuma iegāde | B6: materials and equipment | C6: =5850.59+2.04 -> 5852.63 | D6: =C6+C7+C8 -> 31486.59 | F6: =E6+E7+E8 -> 0 | H6: =G6+G7+G8 -> 0 | I6: =C6+E6+G6 -> 5852.63 | J6: =I6+I7+I8 -> 31486.59 | L6: square m2 | M6: =28.4+4.8 -> 33.2 | O6: =Z6/3 -> 173 | P6: =O6 -> 173 | Q6: =P6 -> 173 | Z6: 519
A7: materiālu piegādes izdevumi | B7: delivery | C7: 810 | I7: =C7+E7+G7 -> 810 | L7: object square | M7: hours optimal/ m2 | O7: 210 | P7: 304.5 | Q7: 220.1 | Z7: =O7+P7+Q7+R7+S7+T7+Y7+U7+V7+W7+X7 -> 734.6 | AA7: =Z7-Z6 -> 215.6 | AB7: pārtēriņš
A8: apakšuzņēmēji | B8: subcontractors | C8: =2957+645+230+320+1559.77+4970+13082.19+670+390 -> 24823.96 | I8: =C8+E8+G8 -> 24823.96 | L8: m2<50 | M8: 13 | AA8: =AA7-159.61 -> 55.99 | AB8: bez Kaspara K.
A9: darba algas | B9: salaries | C9: =(11526.2+151.91-C13)*1.48 -> 11659.603 | D9: =C9+C10+C11+C13+C12 -> 24074.598 | F9: =E9+E10+E11+E13+E12 -> 0 | H9: =G9+G10+G11+G13+G12 -> 0 | I9: =C9+E9+G9 -> 11659.603 | J9: =I9+I10+I11+I13+I12 -> 24074.598 | L9: 50<m2<100 | M9: 12 | AA9: =AA8*25 -> 1399.75
A10: DD VSAOI | B10: tax for salaries | C10: =C9*0.2359 -> 2750.5003 | E10: =E9*0.2359 -> 0 | G10: =G9*0.2359 -> 0 | I10: =C10+E10+G10 -> 2750.5003
A11: uzkrājums atvaļinājumam | B11: vacation allowance | C11: =(C9+C10)*0.08 -> 1152.8082 | E11: =(E9+E10)*0.08 -> 0 | G11: =(G9+G10)*0.08 -> 0 | I11: =C11+E11+G11 -> 1152.8082 | L11: materials and equipment costs
A12: administratīvie izdevumi 7% | B12: administrative costs 7% | C12: =C4*0.07 -> 4711.6867 | E12: =(E13+E11+E10+E9)*0.07 -> 0 | G12: =G4*0.07 -> 0 | I12: =C12+E12+G12 -> 4711.6867 | L12: planned | M12: 5797.35
A13: komandējuma dienas naudas | B13: travel allowance | C13: =(20*3+17*2)*40+40 -> 3800 | I13: =C13+E13+G13 -> 3800 | L13: in fact | M13: =I6+I7 -> 6662.63
A14: komandējuma izdevumi- naktsmītne | B14: travel expenses (hotels) | C14: =1905.12+209 -> 2114.12 | D14: =C14+C17+C15 -> 3022.62 | F14: =E14+E17+E15 -> 0 | H14: =G14+G17+G15 -> 0 | I14: =C14+E14+G14 -> 2114.12 | J14: =I14+I17+I15+I16 -> 3022.62
A15: komandējuma izdevumi- ceļš | B15: travel expenses ( tickets, road costs) | I15: =C15+E15+G15 -> 0 | L15: Salaries and taxes
A16: komandējuma izdevumi- administrācija | B16: travel expenses (administration) | C16: =12.54+188.1+120 -> 320.64 | L16: planned | M16: 11954.1
A17: citi izdevumi | B17: other expenses | C17: =125+28+207.14-28+21.69+3.49+7.1+64.5+62.5+9.1+20.49*8+5.49+156.42+46.32+34.68+1.15 -> 908.5 | I17: =C17+E17+G17 -> 908.5 | L17: in fact | M17: =I9+I10+I11+I13 -> 19362.911
A18: peļņa bruto | B18: profit/ loss | C18: =C4-C5 -> 8726.002 | D18: =C18/C4 -> 0.12963938 | E18: =E4-E5 -> 0 | F18: =E18/E4 -> #DIV/0! | G18: =G4-G5 -> 0 | H18: =G18/G4 -> #DIV/0! | I18: =I4-I5 -> 8726.002 | J18: =I18/I4 -> 0.12963938 | L18: hours costs planned | M18: =M16/(Z6-Q6) -> 34.549422
A19: plānotā peļņa | B19: planned profit | I19: =M4+2500-47549.6 -> 14722.01 | J19: =I19/M4 -> 0.24630439 | L19: hours cost in fact | M19: =(I9+I10+I11+I13)/Z7 -> 26.358442
A21: Direct costs | B21: actual costs | C21: planned costs | L21: hours per m2
A22: Materials, incl.delivery, and subcontractors | B22: =J6/I5 -> 0.53746233 | C22: =5797.35/(47549.6) -> 0.12192216 | L22: planned | M22: =Z6/M6 -> 15.63253 | O22: travel and living costs
A23: Salaries and taxes | B23: =J9/I5 -> 0.41094287 | C23: =11954.1/(47549.6) -> 0.25140275 | L23: in fact | M23: =Z7/M6 -> 22.126506 | O23: 10/03-16/03 | P23: 17/03-23/03 | Q23: 24/03-31/03 | Z23: total
A24: Other costs | B24: =J14/I5 -> 0.051594802 | C24: =(25323.15+4475)/(47549.6) -> 0.62667509 | L24: m2 costs | M24: =M23*M19 -> 583.22022 | O24: 1 | P24: 2 | Q24: 3 | R24: 4 | S24: 5 | T24: 6 | U24: 7 | V24: 8 | W24: 9 | X24: 10 | Y24: 11
O25: =Z25/3 -> 1000 | P25: =O25 -> 1000 | Q25: =O25 -> 1000 | Z25: =M27 -> 3000
L26: travel and living costs | O26: 1905.12 | Q26: 209 | Z26: =O26+P26+Q26 -> 2114.12
L27: planned | M27: 3000
L28: in fact | M28: =Z26 -> 2114.12
L29: living costs per worked hour | M29: =(I14+I15)/Z7 -> 2.87792
L31: Subcontractors budget, EUR
L32: Payments to subcontractor, EUR
L34: date of report
L35: 45757
A38: 30 | B38: =ROUND(M4*0.3,2) -> 17931.48
A39: 60 | B39: =ROUND(M4*0.6,2) -> 35862.97
A40: 10 | B40: =ROUND(M4*0.1,2) -> 5977.16
B41: =B38+B39+B40 -> 59771.61
A43: avansi | B43: =B44+B45+B46 -> 0

Sheet COL
A1: COL | B1: Intimissimi KÖLN SC RHEIN CENTER, 10/02/2025-27/02/2025
A2: Object costs
C3: 45712 | E3: 45740 | G3: 45771 | I3: Total | L3: General data | O3: worked hours
A4: Objekta ieņēmumi kopā | B4: Budget total | C4: =M4+M5 -> 46000 | G4: =M11 -> 0 | I4: =C4 -> 46000 | L4: Contract amount EUR | M4: =68401.75-22401.75 -> 46000 | O4: 10/2-16/2 | P4: 17/2-23/2 | Q4: 24/2-27/2 | Z4: total
A5: Objekta tiešie izdevumi | B5: Direct costs | C5: =C6+C7+C8+C9+C10+C11+C14+C15+C18+C16+C12+C17 -> 34495.824 | E5: =E6+E7+E8+E9+E10+E11+E14+E15+E18+E16+E12 -> 0 | G5: =G6+G7+G8+G9+G10+G11+G14+G15+G18+G16+G12 -> 0 | I5: =I6+I7+I8+I9+I10+I11+I14+I15+I18+I16+I12+I19+I17 -> 34495.824 | L5: Additional works, EUR | M5: =-AB5 -> 0 | O5: 1 | P5: 2 | Q5: 3 | R5: 4 | S5: 5 | T5: 6 | U5: 7 | V5: 8 | W5: 9 | X5: 10 | Y5: 11
A6: materiālu un aprīkojuma iegāde | B6: materials and equipment | C6: =C40+215.65+40.4+1897.38+215.82+310.83+35+1661.82+159.19+130.92+19.99+50.16+81.93+5.49+98.4+12+119+351.5+280+17.99+43+31+31.25+1.93+4.6+5.35+44.95+38.27 -> 5903.82 | D6: =C6+C7+C8 -> 8321.74 | F6: =E6+E7+E8 -> 0 | H6: =G6+G7+G8 -> 0 | I6: =C6+E6+G6 -> 5903.82 | J6: =I6+I7+I8 -> 8321.74 | L6: square m2 | M6: =55+5.49 -> 60.49 | O6: =Z6/3 -> 202 | P6: =O6 -> 202 | Q6: =P6 -> 202 | Z6: 606
A7: materiālu piegādes izdevumi | B7: delivery | C7: =980+250 -> 1230 | I7: =C7+E7+G7 -> 1230 | L7: object square | M7: hours optimal/ m2 | O7: 269.43 | P7: 243.6 | Q7: 208.55 | Z7: =O7+P7+Q7+R7+S7+T7+U7+V7+W7 -> 721.58
A8: apakšuzņēmēji | B8: subcontractors | C8: =326.08+553.84+308 -> 1187.92 | I8: =C8+E8+G8 -> 1187.92 | L8: m2<50 | M8: 13
A9: darba algas | B9: salaries | C9: =9594.78 -> 9594.78 | D9: =C9+C10+C11+C14+C12+C13 -> 22655.454 | F9: =E9+E10+E11+E14+E12 -> 0 | H9: =G9+G10+G11+G14+G12 -> 0 | I9: =C9+E9+G9 -> 9594.78 | J9: =I9+I10+I11+I14+I12+I13 -> 22655.454 | L9: 50<m2<100 | M9: 12
A10: DD VSAOI | B10: tax for salaries | C10: =C9*0.2359 -> 2263.4086 | E10: =E9*0.2359 -> 0 | G10: =G9*0.2359 -> 0 | I10: =C10+E10+G10 -> 2263.4086
A11: uzkrājums atvaļinājumam | B11: vacation allowance | C11: =(C9+C10)*0.08 -> 948.65509 | E11: =(E9+E10)*0.08 -> 0 | G11: =(G9+G10)*0.08 -> 0 | I11: =C11+E11+G11 -> 948.65509 | L11: materials and equipment costs
A12: administratīvie izdevumi 7% | B12: administrative costs 7% | C12: =(C4)*0.07 -> 3220 | E12: =(E14+E11+E10+E9)*0.07 -> 0 | G12: =(G14+G11+G10+G9)*0.07 -> 0 | I12: =C12+E12+G12 -> 3220 | L12: planned | M12: 8247.34
A13: SOKA BAU | C13: 1578.61 | I13: =C13+E13+G13 -> 1578.61 | L13: in fact | M13: =J6 -> 8321.74
A14: komandējuma dienas naudas | B14: travel allowance | C14: =4800+250 -> 5050 | I14: =C14+E14+G14 -> 5050
A15: komandējuma izdevumi- naktsmītne | B15: travel expenses (hotels) | C15: =2660+171 -> 2831 | D15: =C15+C18+C16+C17 -> 5097.24 | F15: =E15+E18+E16 -> 0 | H15: =G15+G18+G16 -> 0 | I15: =C15+E15+G15 -> 2831 | J15: =I15+I18+I16+I19+I17 -> 5097.24
A16: komandējuma izdevumi- ceļš | B16: travel expenses ( tickets, road costs) | C16: =953.8+305.17+91.55 -> 1350.52 | I16: =C16+E16+G16 -> 1350.52 | L16: Salaries and taxes
A17: komandējuma izdevumi (administrācija) | B17: travel expenses (administration) | I17: =C17 -> 0 | L17: planned | M17: 17538.71
A18: citi izdevumi | B18: other expenses | C18: =214.02+125+8+34.99+15+20+111.8+21.55+7+25+30+14.98+196.5+91.88 -> 915.72 | I18: =C18+E18+G18 -> 915.72 | L18: in fact | M18: =I9+I10+I11+I14+I13 -> 19435.454
L19: hours costs planned | M19: =M17/(Z6-70) -> 32.721474
A20: peļņa bruto | B20: profit/ loss | C20: =C4-C5 -> 11504.176 | D20: =C20/C4 -> 0.25009079 | E20: =E4-E5 -> 0 | F20: =E20/E4 -> #DIV/0! | G20: =G4-G5 -> 0 | H20: =G20/G4 -> #DIV/0! | I20: =I4-I5 -> 11504.176 | J20: =I20/I4 -> 0.25009079 | L20: hours cost in fact | M20: =M18/Z7 -> 26.934579
A21: plānotā peļņa | B21: planned profit | I21: =M4-52616.81+12950 -> 6333.19 | J21: =I21/M4 -> 0.13767804 | O21: travel and living costs
L22: hours per m2 | O22: 10/2-16/2 | P22: 17/2-23/2 | Q22: 24/2-27/2 | Z22: total
A23: Direct costs | B23: actual costs | C23: planned costs | L23: planned | M23: =(Z6-70)/M6 -> 8.8609688 | O23: 1 | P23: 2 | Q23: 3 | R23: 4 | S23: 5 | T23: 6 | U23: 7 | V23: 8 | W23: 9 | X23: 10 | Y23: 11
A24: Materials, incl.delivery, and subcontractors | B24: =J6/I5 -> 0.24123906 | C24: =8247.34/39666.81 -> 0.20791538 | L24: in fact | M24: =Z7/M6 -> 11.928914 | O24: =Z24/3 -> 1400 | P24: =O24 -> 1400 | Q24: =P24 -> 1400 | Z24: =M28 -> 4200
A25: Salaries and taxes | B25: =J9/I5 -> 0.65675932 | C25: =17538.71/39666.81 -> 0.44215076 | L25: m2 costs | M25: =M24*M20 -> 321.30028 | O25: =2660+953.8 -> 3613.8 | P25: 305.17 | Q25: =171+91.55 -> 262.55 | Z25: =Q25+P25+O25 -> 4181.52
A26: Other costs | B26: =J15/I5 -> 0.14776397 | C26: =(26795.96-12950)/39666.81 -> 0.34905655
L27: travel and living costs
L28: planned | M28: 4200
L29: in fact | M29: =Z25 -> 4181.52
L30: living costs per worked hour | M30: =M29/Z7 -> 5.79495
L32: Subcontractors budget, EUR
L33: Payments to subcontractor, EUR
L35: date of report
L36: 45748
A40: avansi | B40: =B41 -> 0

Sheet EXAMPLE
B1: Sales (m2): | C1: 47.8 | D1: =C18/C1 -> 982.06004 | H1: INNSBRUCK UOMO
B2: BOH (m2): | C2: 6.72
B3: TOTAL (m2) | C3: =SUM(C1:C2) -> 54.52 | D3: =C18/C3 -> 861.01376
B4: Position | C4: Planned costs | D4: Actual costs | E4: PROFIT
A5: 1 | B5: SALARY | C5: 13466.13 | E5: =C5-D5 -> 13466.13
A6: =A5+1 -> 2 | B6: MATERIALS | C6: 6772.73 | E6: =C6-D6 -> 6772.73
A7: =A6+1 -> 3 | B7: HOTEL | C7: 3500 | E7: =C7-D7 -> 3500
A8: =A7+1 -> 4 | B8: GASOLINE | C8: 1100 | E8: =C8-D8 -> 1100
A9: =A8+1 -> 5 | B9: AVIO+TRAVEL | C9: =1500 -> 1500 | E9: =C9-D9 -> 1500
A10: =A9+1 -> 6 | B10: TRANSPORT COSTS | C10: =1000 -> 1000 | E10: =C10-D10 -> 1000
A11: =A10+1 -> 7 | B11: SUB: ELECTRICITY | C11: =13686.4 -> 13686.4 | D11: 13686.4 | E11: =C11-D11 -> 0
A12: =A11+1 -> 8 | B12: SUB: EL MESS PROT | C12: 1800 | E12: =C12-D12 -> 1800
A13: =A12+1 -> 9 | B13: WASTE | C13: 1100 | E13: =C13-D13 -> 1100
A14: =A13+1 -> 10 | B14: MECHANISMS | C14: =26703.61-SUM(C7:C13) -> 3017.21 | E14: =C14-D14 -> 3017.21
A15: =A14+1 -> 11 | B15: ADD 1 | E15: =C15-D15 -> 0
A16: =A15+1 -> 12 | B16: ADD 2 | E16: =C16-D16 -> 0
A17: =A16+1 -> 13 | E17: =C17-D17 -> 0
B18: TOTAL | C18: =SUM(C5:C17) -> 46942.47 | D18: =SUM(D5:D17) -> 13686.4 | E18: =C18-D18 -> 33256.07
B20: Hours workers | C20: 402.63 | D20: 312 | E20: =C20-D20 -> 90.63
B21: Hours SM/PM | C21: 100 | D21: 123 | E21: =C21-D21 -> -23
B22: ADD HOURS
B23: TOTAL | C23: =SUM(C20:C22) -> 502.63 | D23: =SUM(D20:D22) -> 435 | E23: =SUM(E20:E22) -> 67.63

Sheet PAN3 (Kristaps)
A1: PAN3 | B1: Pandora SC Rocca al Mare Mall Paldiski mnt 102, 13522 Tallinn, Estonia | G1: 30/09/2025-18/10/2025
B3: Sales (m2): | C3: 38.7 | D3: =C22/C3 -> 1354.062 | G3: Contract amount EUR | H3: 60866.14 | J3: =ROUND(H3*0.3,2) -> 18259.84 | K3: avanss, 10 dienas
B4: BOH (m2): | C4: 11.5 | G4: Additional works, EUR | H4: 5598 | J4: =ROUND(H3*0.6,2) -> 36519.68 | K4: pēc pabeigšanas, 30 dienas
B5: TOTAL (m2) | C5: =SUM(C3:C4) -> 50.2 | D5: =C22/C5 -> 1043.8685 | G5: Administrative costs (7% from income) | H5: 4652.5 | J5: =ROUND(H3*0.1,2) -> 6086.61 | K5: pēc garantijas perioda beigām, 30 dienas
B6: Position | C6: Planned costs | D6: Actual costs | E6: PROFIT | G6: Profit | H6: =H3+H4-D22-H5 -> 13403.076
A7: 1 | B7: SALARY | C7: 18133.86 | D7: =(307.31-160)*1.48*1.2359+160+7569.85*1.48*1.2359+3720+1278.66 -> 19274.364 | E7: =C7-D7 -> -1140.5043 | F7: 1140.5 | H7: =H6/(H3+H4) -> 0.20165875
A8: =A7+1 -> 2 | B8: MATERIALS | C8: 8491.91 | D8: =344+437.19+B30+870+1833.76+83.63+265+86.1+460.65+321.16+1078.51+145.16+1176.79+301.66+834.61 -> 8238.22 | E8: =C8-D8 -> 253.69
A9: =A8+1 -> 3 | B9: HOTEL | C9: 4000 | D9: 3537.06 | E9: =C9-D9 -> 462.94 | G9: hours costs planned | H9: =C7/C27 -> 23.726102
A10: =A9+1 -> 4 | B10: GASOLINE | C10: 500 | E10: =C10-D10 -> 500 | G10: hours per m2 planned | H10: =C27/C5 -> 15.2251
A11: =A10+1 -> 5 | B11: AVIO+TRAVEL | C11: 400 | D11: 18.97 | E11: =C11-D11 -> 381.03 | G11: m2 costs planned | H11: =H9*H10 -> 361.23227
A12: =A11+1 -> 6 | B12: TRANSPORT COSTS | C12: 800 | D12: 350 | E12: =C12-D12 -> 450
A13: =A12+1 -> 7 | B13: SUB: ELECTRICITY "ELEKTROLAT" | C13: 12050 | D13: 12024.84 | E13: =C13-D13 -> 25.16 | G13: hours cost in fact | H13: =D7/D27 -> 26.0711
A14: =A13+1 -> 8 | B14: SUB: EL MESS PROT | E14: =C14-D14 -> 0 | G14: hours per m2 in fact | H14: =D27/C5 -> 14.727092
A15: =A14+1 -> 9 | B15: WASTE | C15: =1200+2400 -> 3600 | D15: =373.75+2095.13 -> 2468.88 | E15: =C15-D15 -> 1131.12 | G15: m2 costs in fact | H15: =H14*H13 -> 383.95148
A16: =A15+1 -> 10 | B16: MECHANISMS | C16: =2919.93 -> 2919.93 | D16: =133.83+125+81.63+218.9+116.55+30.32+480 -> 1186.23 | E16: =C16-D16 -> 1733.7
A17: =A16+1 -> 11 | B17: ADD 1 | E17: =C17-D17 -> 0 | G17: hours costs, incl. travel and living | H17: =(D7+D9+D11)/D27 -> 30.881096
A18: =A17+1 -> 12 | B18: ADD 2 | E18: =C18-D18 -> 0 | G18: living costs per person per day | H18: =3537.06/19/5 -> 37.232211
A19: =A18+1 -> 13 | B19: ADD 3 | E19: =C19-D19 -> 0
B20: ADD 4 | C20: 126.5 | D20: 110 | E20: =C20-D20 -> 16.5 | U20: =C22-C21-C20-C19-C18-C17 -> 50895.7
B21: ADD 5 | C21: 1380 | D21: 1200 | E21: =C21-D21 -> 180
B22: TOTAL | C22: =SUM(C7:C21) -> 52402.2 | D22: =SUM(D7:D21) -> 48408.564 | E22: =C22-D22 -> 3993.6357 | H22: =D22+H5 -> 53061.064
C23: =(H3+H4-C22)/(H3+H4) -> 0.21157183
B24: Hours workers | C24: 568 | D24: =20+563.2 -> 583.2 | E24: =C24-D24 -> -15.2
B25: Hours SM/PM | C25: =C24/4 -> 142 | D25: =132+24.1 -> 156.1 | E25: =C25-D25 -> -14.1
B26: ADD HOURS | C26: 54.3 | E26: =C26-D26 -> 54.3
B27: TOTAL | C27: =SUM(C24:C26) -> 764.3 | D27: =SUM(D24:D26) -> 739.3 | E27: =SUM(E24:E26) -> 25
B30: =B31+B32+B33+B34 -> 0

Sheet PAN2 (Kristaps)
A1: PAN2 | B1: PANDORA, ULLEMISTE, TALLINN | G1: 31/07/2025-31/08/2025
B3: Sales (m2): | C3: 58.6 | D3: =C24/C3 -> 1141.9935 | G3: Contract amount EUR | H3: 75326.52 | J3: =75326.52*0.3 -> 22597.956
B4: BOH (m2): | C4: 45.5 | G4: Additional works, EUR | H4: =3461.7+4094+2142.4 -> 9698.1 | J4: =H3*0.9 -> 67793.868
B5: TOTAL (m2) | C5: =SUM(C3:C4) -> 104.1 | D5: =C24/C5 -> 642.8513 | G5: Administrative costs (7% from income) | H5: =(H3+H4)*0.07 -> 5951.7234 | J5: =H3-J4 -> 7532.652 | K5: pēc gada
B6: Position | C6: Planned costs | D6: Actual costs | E6: PROFIT | G6: Profit | H6: =H3+H4-D24-H5 -> 21821.832
A7: 1 | B7: SALARY | C7: =25181.19+440+587.4+626.56+241.47 -> 27076.62 | D7: =(238.91-120-138*40+209.21*12+109.17*13.81+444.82*13+337.8+2018.16)*1.48*1.2359+160+5520 -> 18037.045 | E7: =C7-D7 -> 9039.5754 | H7: =H6/(H4+H3) -> 0.2566531
A8: =A7+1 -> 2 | B8: MATERIALS | C8: =10234.11+1600+785+165 -> 12784.11 | D8: =C34+4654.94+862.99+1793.26+700+330.35+891+2135.65+1793.26+247.07+806.49+50+55.26 -> 14320.27 | E8: =C8-D8 -> -1536.16
A9: =A8+1 -> 3 | B9: HOTEL | C9: 2500 | D9: 5415.96 | E9: =C9-D9 -> -2915.96 | G9: hours costs planned | H9: =C7/C29 -> 21.467573
A10: =A9+1 -> 4 | B10: GASOLINE | C10: 460 | D10: =232.47+237.27 -> 469.74 | E10: =C10-D10 -> -9.74 | G10: hours per m2 planned | H10: =C29/C5 -> 12.116042
A11: =A10+1 -> 5 | B11: AVIO+TRAVEL COSTS | C11: 400 | D11: =210.99+32.98+15 -> 258.97 | E11: =C11-D11 -> 141.03 | G11: m2 costs planned | H11: =C24/C5 -> 642.8513
A12: =A11+1 -> 6 | B12: TRANSPORT COSTS | C12: 800 | D12: 190 | E12: =C12-D12 -> 610
B13: TRAVEL COSTS PM | E13: =C13-D13 -> 0
B14: Internal cleaning | C14: 703.2 | D14: 480 | E14: =C14-D14 -> 223.2
B15: SUB: SECURITY | C15: 0 | E15: =C15-D15 -> 0
B16: SUB: FIRE ALARM | C16: 0 | E16: =C16-D16 -> 0
A17: =A12+1 -> 7 | B17: SUB: ELECTRICITY | C17: 12532 | D17: 12396.84 | E17: =C17-D17 -> 135.16 | G17: hours cost in fact | H17: =D7/D29 -> 18.598726
A18: =A17+1 -> 8 | B18: SUB: EL MESS PROT | C18: 0 | E18: =C18-D18 -> 0 | G18: hours per m2 in fact | H18: =D29/C5 -> 9.3160423
A19: =A18+1 -> 9 | B19: WASTE | C19: 3536.3 | D19: =1090.2+63 -> 1153.2 | E19: =C19-D19 -> 2383.1 | G19: m2 costs in fact | H19: =H18*H17 -> 173.26652
A20: =A19+1 -> 10 | B20: MECHANISMS | C20: =1677.35+100+213.6+35.6+8.04 -> 2034.59 | D20: =297.49+265+168.39+238.16 -> 969.04 | E20: =C20-D20 -> 1065.55
A21: =A20+1 -> 11 | B21: ADD 1 | C21: 4094 | D21: 3560 | E21: =C21-D21 -> 534 | G21: hours costs, incl. travel and living | H21: =(D7+D9+D11)/D29 -> 24.450376 | J21: 4094
A22: =A21+1 -> 12 | B22: ADD 2 | E22: =C22-D22 -> 0 | G22: living costs per person per day | H22: =D9/30/5 -> 36.1064 | J22: 3461
A23: =A22+1 -> 13 | B23: ADD 3 | E23: =C23-D23 -> 0 | J23: 2142
B24: TOTAL | C24: =SUM(C7:C23) -> 66920.82 | D24: =SUM(D7:D23) -> 57251.065 | E24: =C24-D24 -> 9669.7554 | H24: =D24+H5 -> 63202.788
C25: =(H3+H4-C24)/(H3+H4) -> 0.21292421
B26: Hours workers | C26: 975 | D26: =7+766-3.2 -> 769.8 | E26: =C26-D26 -> 205.2
B27: Hours SM/PM | C27: 220 | D27: =25*8 -> 200 | E27: =C27-D27 -> 20
B28: ADD HOURS | C28: =20+17.8+28.48 -> 66.28 | E28: =C28-D28 -> 66.28
B29: TOTAL | C29: =SUM(C26:C28) -> 1261.28 | D29: =SUM(D26:D28) -> 969.8 | E29: =SUM(E26:E28) -> 291.48
A34: Avansi | C34: =C36+C37+C38+C39 -> 0

Sheet Sheet1
